 Dungeon Crawl Stone Soup version 0.30-a0-310-g7d6cbdfea6 (webtiles) character file.

Game seed: 6551528926097323040

555160 sleeves the Master Archer (level 25, -21/169 (176) HPs)
             Began as a Deep Elf Hexslinger on Oct 24, 2022.
             Was the Champion of Okawaru.
             Killed from afar by an orb of fire (31 damage)
             ... with a bolt of fire
             ... on level 4 of the Realm of Zot.
             The game lasted 03:18:21 (65095 turns).

sleeves the Master Archer (Deep Elf Hexslinger)    Turns: 65095, Time: 03:18:21

HP:   -21/169 (176) AC: 22    Str:  2 (5)  XL:     25   Next: 17%
MP:   39/39         EV: 11    Int: 20 (23) God:    Okawaru [******]
Gold: 5635          SH:  0    Dex: 23 (26) Spells: 3/44 levels left

rFire   + . .      SeeInvis +    A - +9 triple crossbow (freeze) {god gift}
rCold   . . .      Faith    .    (shield currently unavailable)
rNeg    + . .      Spirit   .    y - +7 ring mail of Insurance {Will+ Regen+}
rPois   +          Reflect  .    e - +0 hat of Gecies {god gift, rElec Will+ Regen+}
rElec   +          Harm     .    U - +2 cloak "Wugorchuy" {god gift, Regen+ rCorr}
rCorr   +          Rampage  .    W - +2 pair of gloves {Dex+3}
Will    ++++.      Clarity  +    T - +2 pair of boots {Stlth+} {god gift}
Stlth   ++++++++..               R - amulet of regeneration
HPRegen 0.00/turn                s - ring "Baoriushug" {rElec rF+ rN+ rCorr SInv}
MPRegen 0.26/turn                V - ring of poison resistance

@: inhibited regen, studying Short Blades, lightly drained
A: clarity, screaming 1, inhibited regeneration, weak 1, wild magic 1,
MP-powered wands
}: 3/15 runes: decaying, slimy, gossamer
a: Renounce Religion, Heroism, Finesse, Duel


You were on level 4 of the Realm of Zot.
You worshipped Okawaru.
Okawaru was exalted by your worship.
You visited 10 branches of the dungeon, and saw 51 of its levels.
You also visited: Trove, Sewer, Gauntlet, Ice Cave and Volcano.

You collected 7702 gold pieces.
You spent 2067 gold pieces at shops.

Inventory:

Hand Weapons
 A - a +9 triple crossbow of freezing (weapon) {god gift}
   (Okawaru gifted it to you on level 1 of the Elven Halls)
Missiles
 z - a throwing net
Armour
 e - the +0 hat of Gecies (worn) {god gift, rElec Will+ Regen+}
   (Okawaru gifted it to you on level 5 of the Lair of Beasts)

   rElec:     It insulates you from electricity.
   Regen:     It increases your rate of health regeneration.
   Will:      It increases your willpower.
 y - the +7 ring mail of Insurance (worn) {Will+ Regen+}
   (You took it off a kobold in a sewer)

   Regen:     It increases your rate of health regeneration.
   Will:      It increases your willpower.
 T - a +2 pair of boots of stealth (worn) {god gift}
   (Okawaru gifted it to you on level 3 of the Lair of Beasts)
 U - the +2 cloak "Wugorchuy" (worn) {god gift, Regen+ rCorr}
   (Okawaru gifted it to you on level 5 of the Lair of Beasts)

   Regen:     It increases your rate of health regeneration.
   rCorr:     It protects you from acid and corrosion.
 W - a +2 pair of gloves of dexterity (worn)
   (You found it on level 1 of the Spider Nest)
Jewellery
 b - the ring of Discord {AC+4 Dex+2}
   (You took it off a deep elf sorcerer on level 3 of the Elven Halls)

   [ring of protection]

   AC:        It affects your AC (+4).
   Dex:       It affects your dexterity (+2).
 d - the ring of Voent {rN+ Will+ Int+4 Stlth+}
   (You found it on level 5 of the Pits of Slime)

   [ring of positive energy]

   Int:       It affects your intelligence (+4).
   rN:        It protects you from negative energy.
   Will:      It increases your willpower.
   Stlth:     It makes you more stealthy.
 s - the ring "Baoriushug" (left hand) {rElec rF+ rN+ rCorr SInv}
   (You found it in a Gauntlet)

   [ring of resist corrosion]

   rF:        It protects you from fire.
   rElec:     It insulates you from electricity.
   rN:        It protects you from negative energy.
   SInv:      It lets you see invisible.
   rCorr:     It protects you from acid and corrosion.
 R - an amulet of regeneration (around neck)
   (You found it on level 11 of the Dungeon)
 V - a ring of poison resistance (right hand)
   (You found it on level 5 of the Lair of Beasts)
Wands
 C - a wand of quicksilver (30)
   (You took it off Natasha on level 3 of the Dungeon)
 P - a wand of iceblast (49)
   (You found it on level 9 of the Dungeon)
 Y - a wand of digging (36)
   (You found it on level 12 of the Dungeon)
Scrolls
 i - 5 scrolls of vulnerability
 k - 2 scrolls of enchant weapon
 l - a scroll of brand weapon
 m - 9 scrolls of poison
 n - 5 scrolls of fear
 r - 9 scrolls of amnesia
 u - 13 scrolls of enchant armour
 w - 18 scrolls of teleportation
 D - 3 scrolls of noise
 K - 3 scrolls of torment
 O - 6 scrolls of magic mapping
 Q - 4 scrolls of silence
 Z - 5 scrolls of immolation
Potions
 c - 7 potions of ambrosia
 f - 3 potions of invisibility
 g - 4 potions of berserk rage
 j - 9 potions of flight
 o - 7 potions of cancellation
 p - 3 potions of haste
 q - 8 potions of mutation
 t - 10 potions of might
 v - 10 potions of brilliance
 B - 2 potions of heal wounds
 E - 23 potions of curing
 F - 3 potions of resistance
 I - 10 potions of attraction
 L - 10 potions of magic
Miscellaneous
 a - a condenser vane
   (You found it on level 3 of the Elven Halls)
 x - a phial of floods
   (You found it in a Gauntlet)


   Skills:
 + Level 23.0 Fighting
 O Level 27 Ranged Weapons
 - Level 5.1 Armour
 - Level 15.0 Dodging
 - Level 18.4 Stealth
 - Level 10.0 Spellcasting
 - Level 20.0 Hexes
 - Level 18.0 Translocations
 - Level 12.0 Invocations


You had 3 spell levels left.
You knew the following spells:

 Your Spells              Type           Power      Damage    Failure   Level
a - Slow                  Hex            100%       N/A       1%          1
b - Inner Flame           Hex/Fire       60%        N/A       5%          3
c - Cause Fear            Hex            43%        N/A       1%          4
d - Portal Projectile     Hex/Tloc       100%       N/A       1%          3
e - Dispersal             Tloc           41%        N/A       10%         6
f - Teleport Other        Tloc           82%        N/A       1%          3
g - Blink                 Tloc           100%       N/A       1%          2
h - Anguish               Hex/Necr       30%        N/A       16%         4
i - Enfeeble              Hex            43%        N/A       21%         7
j - Disjunction           Tloc           41%        N/A       97%         8

Your spell library contained the following spells:

 Spells                   Type           Power      Damage    Failure   Level
 Gell's Gravitas          Tloc           82%        N/A       1%          3
 Lesser Beckoning         Tloc           100%       N/A       1%          3
 Momentum Strike          Conj/Tloc      100%       3d10      4%          2
 Vhi's Electric Charge    Tloc/Air       100%       N/A       8%          3
 Kindle Blastsparks       Fire/Tloc/Air  88%        2d17      22%         3
 Beastly Appendage        Tmut           26%        N/A       63%         1
 Foxfire                  Conj/Fire      52%        2x1d6     63%         1
 Kiss of Death            Conj/Necr      52%        2d9       63%         1
 Magic Dart               Conj           52%        1d5       63%         1
 Sandblast                Erth           26%        2d8       63%         1
 Sting                    Tmut/Pois      52%        1d5       63%         1
 Cigotuvi's Dreadful Rot  Necr/Pois/Air  26%        N/A       75%         2
 Passwall                 Tmut/Erth      10%        N/A       75%         2
 Poisonous Vapours        Pois/Air       26%        N/A       75%         2
 Scorch                   Fire           26%        2d6       75%         2
 Static Discharge         Conj/Air       26%        2-4/arc   75%         2
 Sublimation of Blood     Necr           13%        N/A       75%         2
 Wereblood                Tmut           13%        N/A       75%         2
 Hailstorm                Conj/Ice       13%        3d5       92%         3
 Mephitic Cloud           Conj/Pois/Air  13%        N/A       92%         3
 Ozocubu's Armour         Ice            13%        N/A       92%         3
 Spider Form              Tmut/Pois      13%        N/A       92%         3
 Stone Arrow              Conj/Erth      26%        3d8       92%         3
 Manifold Assault         Tloc           82%        N/A       1%          4
 Fulminant Prism          Conj/Hex       30%        3d16      16%         4
 Leda's Liquefaction      Hex/Erth       30%        N/A       16%         4
 Iskenderun's Mystic Bla  Conj/Tloc      56%        2d12      22%         4
 Metabolic Englaciation   Hex/Ice        30%        N/A       36%         5
 Airstrike                Air            6%         2d(1-17)  100%        4
 Flame Wave               Conj/Fire      13%        2d6       100%        4
 Olgreb's Toxic Radiance  Pois           13%        N/A       100%        4
 Petrify                  Tmut/Erth      13%        N/A       100%        4
 Sticky Flame             Conj/Fire      13%        2d4       100%        4
 Alistair's Intoxication  Tmut/Pois      8%         N/A       100%        5
 Arcjolt                  Conj/Air       6%         1d16      100%        5
 Blade Hands              Tmut           6%         N/A       100%        5
 Borgnjor's Vile Clutch   Necr/Erth      6%         N/A       100%        5
 Fireball                 Conj/Fire      6%         3d5       100%        5
 Lee's Rapid Deconstruct  Erth           6%         3d6*      100%        5
 Lightning Bolt           Conj/Air       6%         1d18      100%        5
 Eringya's Noxious Bog    Tmut/Pois      6%         N/A       100%        6
 Starburst                Conj/Fire      6%         6d4       100%        6
 Statue Form              Tmut/Erth      8%         N/A       100%        6
 Ozocubu's Refrigeration  Ice            6%         4d8       100%        7
 Ignition                 Fire           6%         3d4       100%        8
 Lehudib's Crystal Spear  Conj/Erth      6%         10d3      100%        8
 Maxwell's Capacitive Co  Air            6%         ∞         100%        8
 Chain Lightning          Conj/Air       6%         3d8       100%        9
 Tukima's Dance           Hex            Unusable   N/A       N/A         3
 Call Imp                 Summ           Unusable   N/A       N/A         2
 Call Canine Familiar     Summ           Unusable   N/A       N/A         3
 Animate Armour           Summ/Erth      Unusable   N/A       N/A         4
 Summon Lightning Spire   Summ/Air       Unusable   N/A       N/A         4
 Simulacrum               Ice/Necr       Unusable   N/A       N/A         6
 Haunt                    Necr/Summ      Unusable   N/A       N/A         7
 Summon Hydra             Summ           Unusable   N/A       N/A         7

Dungeon Overview and Level Annotations

Branches:
Dungeon (15/15)            Temple (0/1) D:6            Lair (5/5) D:8
  Swamp (4/4) Lair:3       Spider (4/4) Lair:2        Slime (5/5) Lair:4
    Orc (2/2) D:12            Elf (3/3) Orc:2        Vaults (4/5) D:13
  Crypt (0/3) Vaults:3     Depths (4/4) D:15            Zot (5/5) Depths:4
  Sewer (visited)           IceCv (visited)         Volcano (visited)
Gauntlet (visited)

Altars:
Ashenzari
Cheibriados
Dithmenos
Elyvilon
Fedhas
Gozag
Kikubaaqudgha
Okawaru
Qazlal
Ru
Sif Muna
Trog
Uskayaw
Vehumet
Wu Jian
Xom
Yredelemnul
Zin
The Shining One
Jiyva

Shops:
D:7 **   D:8 ?   Orc:2 *([*   Elf:1 ![**!   Elf:3 [   Vaults:2 [!?

Portals:
Hell: Depths:1 Depths:2 Depths:3 Depths:4
Abyss: Depths:1 Depths:3
Pandemonium: Depths:1 Depths:2
Ziggurat: Depths:4

Annotations:
Vaults:3 Frederick
Vaults:4 Mennas
Depths:1 2 transporters, KennySheep's ghost, adept DgCj
Depths:2 exclusion: 2 downstairs
Depths:3 1 exclusion
Zot:1 exclusions: orb of fire and red draconian
Zot:3 exclusions: downstairs and orb of fire
Zot:4 exclusion: upstairs


Innate Abilities, Weirdness & Mutations

You possess an exceptional clarity of mind.
You occasionally shout uncontrollably at your foes.
You do not regenerate when monsters are visible.
You are weak. (Str -2)
Your spells are a little harder to cast, but a little more powerful.
You expend magic power (3 MP) to strengthen your wands.


Message History

There is a stone staircase leading down here.
You see here a scroll of noise.
D - a scroll of noise Search for what [Enter for "noise", or ? for help]?
There is an open gate here.
There is an open gate, spattered with blood here.
There is an open gate here.
There is an open gate here.
There is a gate to the Vaults here.
You go down through the gate.
Welcome back to the Vaults!
This branch contains the silver rune of Zot.
There is a gate leading back out of this place, spattered with blood here.
There is an open door, spattered with blood here.
There is an open door here.
There is a stone staircase leading down here.
You climb downwards.
There is a stone staircase leading up here.
There is an open door here.
D - 2 scrolls of noise (gained 1) Search for what [Enter for "noise", or ? for help]?
There is an open door here.
There is a stone staircase leading up here.
You climb upwards.
There is a stone staircase leading down here.
There is an open door here.
There is an open door, spattered with blood here.
There is a gate leading back out of this place, spattered with blood here.
You go up through the gate.
Welcome back to the Dungeon!
There is a gate to the Vaults here.
There is an open gate here.
There is an open gate here.
There is an open gate, spattered with blood here.
There is an open gate here.
There is a stone staircase leading up here.
You climb upwards.
There is a stone staircase leading down here.
There is a stone staircase leading up here.
You climb upwards.
There is a stone staircase leading down here.
There is a stone staircase leading up, spattered with blood here.
You see here a +1 short sword of flaming {god gift}.
You climb upwards.
There is a stone staircase leading down here.
There is a stone staircase leading up here.
You climb upwards.
There is a stone staircase leading down here.
You see here a +0 spear.
You see here a +0 club.
You see here a +0 scale mail.
There is an open door here.
There is an open door here.
D - 3 scrolls of noise (gained 1) Search for what [Enter for "noise", or ? for help]?
There is an open door here.
There is a stone staircase leading up here.
You climb upwards.
There is a stone staircase leading down here.
There is a stone staircase leading up here.
You climb upwards.
There is a stone staircase leading down here.
Things that are here:
a +0 robe; a +0 dagger
There is a fountain of clear blue water here.
There is an entrance to Detsien's General Store here.
Things that are here:
a scroll of butterflies; 2 scrolls of noise; 3 scrolls of summoning
D - 5 scrolls of noise (gained 2)
(D) Dungeon (T) Temple (L) Lair (S) Swamp (N) Spider Nest (M) Slime Pits (O) Orcish Mines (E) Elven Halls (V) Vaults (C) Crypt (U) Depths (H) Hell (Z) Zot
Where to? (Enter - D:7 @ (x,y), ? - help)
What level of the Realm of Zot? (default 1, ? - help)
Things that are here:
a +0 robe; a +0 dagger
There is a stone staircase leading down here.
You climb downwards.
There is a stone staircase leading up here.
There is a stone staircase leading down here.
You climb downwards.
There is a stone staircase leading up here.
There is an open door here.
There is a stone staircase leading down here.
You climb downwards.
There is a stone staircase leading up, spattered with blood here.
There is an open door here.
There is a stone staircase leading down here.
Things that are here:
a +0 robe; a +0 dagger
There is a stone staircase leading down, spattered with blood here.
You climb downwards.
There is a stone staircase leading up, spattered with blood here.
There is a stone staircase leading down here.
You climb downwards.
There is a stone staircase leading up here.
There is a stone staircase leading down here.
You climb downwards.
There is a stone staircase leading up here.
There is a stone staircase leading down here.
You climb downwards.
There is a stone staircase leading up here.
There is a stone staircase leading down here.
You climb downwards.
There is a stone staircase leading up here.
You see here a +2 whip of electrocution.
There is an open door here.
There is an open door here.
There is a staircase to the Depths, spattered with blood here.
You climb downwards.
Welcome back to the Depths!
Level annotation: 2 transporters, KennySheep's ghost, adept DgCj
There is a staircase back to the Dungeon here.
There is an open door, spattered with blood here.
Things that are here:
3 scrolls of identify; a +0 leather armour; a +2 great mace of holy wrath
There is a stone staircase leading down here.
You climb downwards.
Level annotation: exclusion: 2 downstairs
There is a stone staircase leading up, spattered with blood here.
There is a stone staircase leading down here.
You climb downwards.
Level annotation: 1 exclusion
There is a stone staircase leading up here.
There is a stone staircase leading down, spattered with blood here.
Things that are here:
a +0 plate armour; a +0 broad axe; a +0 arbalest You climb downwards.
There is a stone staircase leading up, spattered with blood here.
Things that are here:
a +0 buckler; a +0 spear
There is an open door, spattered with blood here.
Things that are here:
a +0 animal skin; a +0 rapier
Things that are here:
a +0 cloak; a +1 dagger of draining
There is a gate to the Realm of Zot here.
You go down through the gate.
Welcome back to the Realm of Zot!
Level annotation: exclusions: orb of fire and red draconian
There is a gate leading back out of this place, spattered with blood here.
(D) Dungeon (T) Temple (L) Lair (S) Swamp (N) Spider Nest (M) Slime Pits (O) Orcish Mines (E) Elven Halls (V) Vaults (C) Crypt (U) Depths (H) Hell (Z) Zot
Where to? (Enter - Zot:1, ? - help)
What level of the Realm of Zot? (default 1, ? - help)
Things that are here:
a +0 scimitar; a +0 mace You see here a +0 mace.
You see here a +0 mace.
There is an open door here.
There is an open door here.
Things that are here:
a +0 cloak; a +0 long sword; a +0 hand axe
There is a stone staircase leading down, spattered with blood here.
You climb downwards.
There is a stone staircase leading up, spattered with blood here.
Things that are here:
a potion of lignification; a +0 mace of protection
There is a stone staircase leading down here.
You climb downwards.
Level annotation: exclusions: downstairs and orb of fire
There is a stone staircase leading up here.
There is a stone staircase leading down here.
Things that are here:
a +0 cloak; a +0 whip You climb downwards.
Level annotation: exclusion: upstairs
There is a stone staircase leading up, spattered with blood here.
There is a stone staircase leading down here.
You climb downwards.
There is a stone staircase leading up here.
Unknown command.
Unknown command.
Okay, then.
There is an open door here.
You shoot a bolt. The bolt hits the Orb Guardian!!!
The bolt freezes the Orb Guardian!!
The Orb Guardian is almost dead.
You shoot a bolt. The bolt hits the Orb Guardian!!!
The bolt freezes the Orb Guardian.
You kill the Orb Guardian!
Okawaru accepts your kill.
An Orb Guardian comes into view.
You shoot a bolt. The bolt hits the Orb Guardian!!!
The bolt freezes the Orb Guardian.
The Orb Guardian is heavily wounded.
An Orb Guardian comes into view.
You shoot a bolt. The bolt hits the Orb Guardian!!
The bolt freezes the Orb Guardian.
The Orb Guardian is heavily wounded.
You shoot a bolt. The bolt hits the Orb Guardian!!
The bolt freezes the Orb Guardian!
You kill the Orb Guardian!
Okawaru accepts your kill.
You shoot a bolt.
The bolt barely misses the Orb Guardian.
You shoot a bolt. The bolt hits the Orb Guardian!!!
The bolt freezes the Orb Guardian!
You kill the Orb Guardian!
Okawaru accepts your kill.
Partly explored, can't reach some places.
Partly explored, can't reach some places.
Really read the scroll of noise?
As you read the scroll of noise, it crumbles to dust.
You hear a loud clanging noise!
You hear a shout! x3
You start waiting.
A tentacled monstrosity comes into view.
You shoot a bolt.
The bolt hits the tentacled monstrosity!!
The bolt freezes the tentacled monstrosity.
The tentacled monstrosity is lightly wounded.
You shoot a bolt.
The bolt barely misses the tentacled monstrosity.
You shoot a bolt.
The bolt hits the tentacled monstrosity!
The bolt freezes the tentacled monstrosity.
The tentacled monstrosity is moderately wounded.
You shoot a bolt.
The bolt hits the tentacled monstrosity!
The bolt freezes the tentacled monstrosity.
The tentacled monstrosity is moderately wounded.
The tentacled monstrosity completely misses you.
The tentacled monstrosity tentacle-slaps you but does no damage. x2
The tentacled monstrosity grabs you.
The tentacled monstrosity constricts you.
You shoot a bolt.
The bolt hits the tentacled monstrosity!!
The bolt freezes the tentacled monstrosity.
The tentacled monstrosity is heavily wounded.
The tentacled monstrosity tentacle-slaps you but does no damage.
The tentacled monstrosity completely misses you.
The tentacled monstrosity tentacle-slaps you but does no damage.
The tentacled monstrosity constricts you!
You shoot a bolt.
The bolt hits the tentacled monstrosity.
The tentacled monstrosity is heavily wounded.
The tentacled monstrosity tentacle-slaps you but does no damage.
The tentacled monstrosity tentacle-slaps you.
The tentacled monstrosity tentacle-slaps you but does no damage.
The tentacled monstrosity constricts you.
You shoot a bolt.
The bolt hits the tentacled monstrosity!!!
The bolt freezes the tentacled monstrosity.
The tentacled monstrosity is almost dead.
The tentacled monstrosity barely misses you.
The tentacled monstrosity misses you. x2
The tentacled monstrosity constricts you.
You shoot a bolt.
The bolt hits the tentacled monstrosity!
The tentacled monstrosity is almost dead.
The tentacled monstrosity closely misses you.
The tentacled monstrosity tentacle-slaps you but does no damage. x2
The tentacled monstrosity constricts you.
The tentacled monstrosity closely misses you.
The tentacled monstrosity tentacle-slaps you but does no damage.
The tentacled monstrosity closely misses you.
The tentacled monstrosity constricts you.
You shoot a bolt.
The bolt hits the tentacled monstrosity!!
You kill the tentacled monstrosity!
Okawaru accepts your kill.
No target in view!
Partly explored, can't reach some places.
Partly explored, can't reach some places.
Partly explored, can't reach some places.
Do you really want to walk into the Zot trap? (Confirm with "yes".)
Okay, then.
Unknown command.
Okay, then.
Really read the scroll of noise?
As you read the scroll of noise, it crumbles to dust.
You hear a loud clanging noise!
You hear a shout! x2
You start waiting.
The tentacled monstrosity fails to trigger a net trap.
A tentacled monstrosity comes into view.
You hear a loud "Zot"!
You shoot a bolt.
The bolt hits the tentacled monstrosity.
The tentacled monstrosity is lightly wounded.
You shoot a bolt.
The bolt barely misses the tentacled monstrosity.
You shoot a bolt.
The bolt hits the tentacled monstrosity!
The tentacled monstrosity is lightly wounded.
You shoot a bolt.
The bolt hits the tentacled monstrosity!!
The bolt freezes the tentacled monstrosity.
The tentacled monstrosity is heavily wounded.
You shoot a bolt.
The bolt hits the tentacled monstrosity!!
The bolt freezes the tentacled monstrosity.
The tentacled monstrosity is severely wounded.
The tentacled monstrosity tentacle-slaps you but does no damage.
The tentacled monstrosity misses you.
The tentacled monstrosity barely misses you.
The tentacled monstrosity grabs you.
The tentacled monstrosity constricts you.
The tentacled monstrosity barely misses you.
The tentacled monstrosity tentacle-slaps you. x2
The tentacled monstrosity constricts you.
You shoot a bolt.
The bolt hits the tentacled monstrosity!!!
The bolt freezes the tentacled monstrosity!
The tentacled monstrosity is almost dead.
The tentacled monstrosity closely misses you.
The tentacled monstrosity tentacle-slaps you but does no damage. x2
The tentacled monstrosity constricts you.
You shoot a bolt.
The bolt hits the tentacled monstrosity!!
You kill the tentacled monstrosity!
Okawaru accepts your kill.
No target in view!
You start resting.
HP restored.
Do you really want to walk into the Zot trap? (Confirm with "yes".)
Okay, then.
Unknown command.
Casting: Enfeeble (dangerous; 6% risk of failure)
Confirm with . or Enter, or press ? or * to list all spells.
You blink.
You become entangled in the net!
An Orb Guardian and 2 Killer Klowns come into view.
A Killer Klown is wielding a +9 club of electrocution.
A Killer Klown is wielding a +9 club of electrocution.
The Killer Klown blinks!
The Killer Klown moves out of view.
You struggle against the net.
You struggle against the net.
You tear a large gash into the net.
A shadow dragon comes into view.
You rip the net and break free!
The Orb Guardian barely misses you. The Orb Guardian closely misses you.
The Killer Klown blinks!
Okay, then.
Fire: A) +9 triple crossbow (freeze) {god gift}
Press: ? - help, Q - select action, (/) - cycle Shift-Dir - straight line, f - Orb Guardian
Aim: an Orb Guardian (76% to hit)
You shoot a bolt. The bolt hits the Orb Guardian!!!
The bolt freezes the Orb Guardian.
The Orb Guardian is severely wounded.
You hear a shout! x2
The Orb Guardian hits you!!
An electric golem comes into view.
The Killer Klown blinks!
The Orb Guardian closely misses you.
Blink to where?
Press: ? - help, Dir - move target, p - Orb Guardian
As you read the scroll of blinking, it crumbles to dust.
The Orb Guardian fails to trigger a net trap.
You hear a loud "Zot"!
No target in view!
You shoot a bolt. The bolt hits the Orb Guardian!!!
The bolt freezes the Orb Guardian!!
You kill the Orb Guardian!
Okawaru accepts your kill.
No target in view!
You shoot a bolt.
The bolt completely misses the electric golem.
You hear a loud "Zot"!
The power of Zot is invoked against you!
You sense a hostile presence.
The electric golem hurls lightning at you.
The bolt of lightning misses you.
The electric golem hurls lightning at you.
The bolt of lightning misses you.
A Hell Sentinel comes into view.
You shoot a bolt.
The bolt hits the Hell Sentinel but does no damage.
The electric golem blinks!
Unknown command.
You feel yourself speed up.
The electric golem hurls lightning at you.
The bolt of lightning misses you. The Hell Sentinel barely misses you.
The Hell Sentinel hits you but does no damage.
Fire: A) +9 triple crossbow (freeze) {god gift}
Press: ? - help, Q - select action, (/) - cycle Shift-Dir - straight line, f/p - Hell Sentinel
Aim: a Hell Sentinel (durably summoned, 92% to hit)
You shoot a bolt. The bolt hits the Hell Sentinel!!!
The Hell Sentinel is moderately wounded.
The electric golem hits you but does no damage.
The electric golem barely misses you.
The electric golem completely misses you.
The electric golem hits you but does no damage.
The Hell Sentinel gestures at you. The iron shot hits you!
Fire: A) +9 triple crossbow (freeze) {god gift}
Press: ? - help, Q - select action, (/) - cycle Shift-Dir - straight line, f/p - Hell Sentinel
Aim: a Hell Sentinel (moderately wounded, durably summoned, 92% to hit)
You shoot a bolt. The bolt hits the Hell Sentinel!!!
The Hell Sentinel is heavily wounded.
The electric golem misses you. The electric golem closely misses you.
The electric golem hits you but does no damage. x2
The electric golem hurls lightning at you.
The bolt of lightning hits you! You resist.
The Killer Klown sprays water.
The Killer Klown pies you viciously! The klown pie misses you.
Fire: A) +9 triple crossbow (freeze) {god gift}
Press: ? - help, Q - select action, (/) - cycle Shift-Dir - straight line, f/p - Hell Sentinel
Aim: a Hell Sentinel (heavily wounded, durably summoned, 92% to hit)
You shoot a bolt.
The bolt completely misses the Hell Sentinel.
The Hell Sentinel hits you!!
The Hell Sentinel hits you but does no damage.
You hear a loud "Zot"!
The power of Zot is invoked against you!
You suddenly lose the ability to move!
The electric golem crackles and sizzles.
The electric golem hits you. The electric golem shocks you. You resist.
The electric golem completely misses you.
The electric golem hits you but does no damage.
The electric golem barely misses you. The Killer Klown pies you viciously!
The klown pie hits you!
Blueberry!
An unnatural silence engulfs you.
The electric golem hits you but does no damage.
The electric golem hits you. The electric golem shocks you! You resist.
The electric golem hits you but does no damage. x2
The Hell Sentinel hits you!!
* * * LOW HITPOINT WARNING * * *
The Hell Sentinel completely misses you.
The Killer Klown blinks!
The electric golem blinks!
The Hell Sentinel hits you!!
* * * LOW HITPOINT WARNING * * *
The Hell Sentinel hits you.
* * * LOW HITPOINT WARNING * * *
The Killer Klown blinks!
The electric golem hurls lightning at you.
The bolt of lightning hits you! You resist.
* * * LOW HITPOINT WARNING * * *
The Hell Sentinel hits you but does no damage.
The Hell Sentinel hits you!
* * * LOW HITPOINT WARNING * * *
The shadow dragon breathes negative energy at you.
The bolt of negative energy hits you! You partially resist.
You feel drained.
* * * LOW HITPOINT WARNING * * *
You can move again.
Unknown command.
Unknown command.
Unknown command.
Unknown command.
You feel much better.
The Killer Klown slaps you with a +9 club of electrocution.
* * * LOW HITPOINT WARNING * * *
The Hell Sentinel hits you!!
* * * LOW HITPOINT WARNING * * *
The Hell Sentinel barely misses you.
You feel much better.
The Killer Klown slaps you with a +9 club of electrocution!!
* * * LOW HITPOINT WARNING * * *
The electric golem hits you but does no damage.
The electric golem closely misses you. x3
You feel much better.
The Hell Sentinel hits you but does no damage.
The Hell Sentinel completely misses you.
The Killer Klown strangle-hugs you with a +9 club of electrocution.
* * * LOW HITPOINT WARNING * * *
The electric golem closely misses you.
The electric golem hits you but does no damage.
The electric golem hits you!
* * * LOW HITPOINT WARNING * * *
The electric golem completely misses you.
You feel much better.
The electric golem completely misses you.
The electric golem misses you. The electric golem barely misses you.
The electric golem hits you!
* * * LOW HITPOINT WARNING * * *
The Killer Klown completely misses you.
The Hell Sentinel hits you but does no damage.
The Hell Sentinel misses you.
Magic scrolls do not work when you're silenced!
You shoot a bolt. The bolt hits the Hell Sentinel!
The Hell Sentinel is heavily wounded.
The electric golem blinks!
The Killer Klown pies you viciously! The klown pie hits you!!
Blueberry!
You feel your silence will last longer.
* * * LOW HITPOINT WARNING * * *
You feel much better. The Hell Sentinel gestures at you.
The iron shot hits you!!
* * * LOW HITPOINT WARNING * * *
The Killer Klown tickles you but does no damage.
You feel much better.
The Hell Sentinel hits you but does no damage.
The Hell Sentinel completely misses you.
The shadow dragon breathes negative energy at you.
The bolt of negative energy hits you! You partially resist.
You feel drained.
* * * LOW HITPOINT WARNING * * *
The Killer Klown completely misses you.
You feel much better.
The Killer Klown blinks!
The Hell Sentinel completely misses you.
The Hell Sentinel barely misses you.
You feel much better.
The electric golem hurls lightning at you.
The bolt of lightning hits you! You resist.
The bolt of lightning hits the Hell Sentinel.
The Hell Sentinel completely resists.
The bolt of lightning hits the Hell Sentinel.
The Hell Sentinel completely resists.
The shadow dragon bites you but does no damage.
The shadow dragon claws you but does no damage. x2
You feel much better.
The electric golem hurls lightning at you.
The bolt of lightning hits you! You resist.
The bolt of lightning hits the Hell Sentinel.
The Hell Sentinel completely resists.
The bolt of lightning hits the Hell Sentinel.
The Hell Sentinel completely resists.
The Hell Sentinel hits you! The Hell Sentinel closely misses you.
The shadow dragon bites you but does no damage.
The shadow dragon claws you but does no damage.
The shadow dragon completely misses you.
The electric golem blinks!
Fire: A) +9 triple crossbow (freeze) {god gift}
Press: ? - help, Q - select action, (/) - cycle Shift-Dir - straight line, f/p - Hell Sentinel
Aim: a Hell Sentinel (heavily wounded, durably summoned, 92% to hit)
You shoot a bolt. The bolt hits the Hell Sentinel!
The Hell Sentinel is severely wounded.
The Hell Sentinel barely misses you.
The Hell Sentinel hits you but does no damage.
The shadow dragon barely misses you. The shadow dragon closely misses you.
The shadow dragon claws you but does no damage.
Fire: A) +9 triple crossbow (freeze) {god gift}
Press: ? - help, Q - select action, (/) - cycle Shift-Dir - straight line, f/p - Hell Sentinel
Aim: a Hell Sentinel (severely wounded, durably summoned, 92% to hit)
You shoot a bolt.
The bolt hits the Hell Sentinel but does no damage.
The Hell Sentinel is severely wounded.
Fire: A) +9 triple crossbow (freeze) {god gift}
Press: ? - help, Q - select action, (/) - cycle Shift-Dir - straight line, f/p - Hell Sentinel
Aim: a Hell Sentinel (severely wounded, durably summoned, 92% to hit)
You shoot a bolt. The bolt hits the Hell Sentinel!!!
You kill the Hell Sentinel!
That felt strangely unrewarding.
The shadow dragon bites you.
The shadow dragon completely misses you.
The shadow dragon claws you but does no damage.
Fire: A) +9 triple crossbow (freeze) {god gift}
Press: ? - help, Q - select action, (/) - cycle Shift-Dir - straight line, f - shadow dragon
Aim: a shadow dragon (81% to hit)
You shoot a bolt. The bolt hits the shadow dragon!
The shadow dragon is lightly wounded.
The electric golem blinks!
The shadow dragon bites you. The shadow dragon misses you.
The shadow dragon claws you!
Fire: A) +9 triple crossbow (freeze) {god gift}
Press: ? - help, Q - select action, (/) - cycle Shift-Dir - straight line, f/p - shadow dragon
Aim: a shadow dragon (lightly wounded, 81% to hit)
You shoot a bolt. The bolt hits the shadow dragon!!!
The bolt freezes the shadow dragon.
The shadow dragon is heavily wounded.
The Killer Klown blinks!
The shadow dragon bites you but does no damage.
The shadow dragon barely misses you. The shadow dragon claws you.
The Killer Klown pies you viciously! The klown pie hits you.
Moon pie!
You turn into a bat.
Your +9 triple crossbow of freezing {god gift} melds into your body.
The +2 cloak "Wugorchuy" {god gift, Regen+ rCorr} melds into your body.
The +0 hat of Gecies {god gift, rElec Will+ Regen+} melds into your body.
Your +2 pair of gloves of dexterity melds into your body.
Your +2 pair of boots of stealth {god gift} melds into your body.
The +7 ring mail of Insurance {Will+ Regen+} melds into your body.
The ring "Baoriushug" {rElec rF+ rN+ rCorr SInv} melds into your body.
Your ring of poison resistance melds into your body.
Your +9 triple crossbow of freezing {god gift} stops glowing.
You feel clumsy.
You feel less stealthy.
You can't do that in your present form.
Unknown command.
The Killer Klown completely misses you.
The electric golem blinks!
Your hearing returns.
There is an open door here.
There is a stone staircase leading up here.
You fly upwards.
Level annotation: exclusion: upstairs
There is a stone staircase leading down here.
Your extra speed is starting to run out.
You feel yourself slow down.
HP restored.
Done exploring.
Done exploring.
You start waiting.
Your transformation is almost over.
You feel less batty.
Your +9 triple crossbow of freezing {god gift} unmelds from your body.
The +2 cloak "Wugorchuy" {god gift, Regen+ rCorr} unmelds from your body.
The +0 hat of Gecies {god gift, rElec Will+ Regen+} unmelds from your body.
Your +2 pair of gloves of dexterity unmelds from your body.
Your +2 pair of boots of stealth {god gift} unmelds from your body.
The +7 ring mail of Insurance {Will+ Regen+} unmelds from your body.
The ring "Baoriushug" {rElec rF+ rN+ rCorr SInv} unmelds from your body.
Your ring of poison resistance unmelds from your body.
Your +9 triple crossbow of freezing {god gift} is covered in frost.
You feel agile.
You feel stealthy.
You start waiting.
Done waiting.
You climb downwards.
There is a stone staircase leading up here.
No target in view!
Partly explored, can't reach some places.
Partly explored, can't reach some places.
No target in view!
There are monsters nearby!
There are monsters nearby!
You shoot a bolt.
The bolt barely misses the Killer Klown.
The Killer Klown blinks!
You shoot a bolt. The bolt hits the Killer Klown!!
The bolt freezes the Killer Klown!
The Killer Klown is moderately wounded.
The Killer Klown squeezes you with a +9 club of electrocution.
You shoot a bolt. The bolt hits the Killer Klown!!!
The bolt freezes the Killer Klown!
The Killer Klown is severely wounded.
The electric golem blinks!
The Killer Klown misses you.
The Killer Klown kneecaps you with a +9 club of electrocution!
There is a stone staircase leading up here.
Casting: Blink (safe; 1% risk of failure)
Confirm with . or Enter, or press ? or * to list all spells.
Aiming: Enfeeble (dangerous; 6% risk of failure)
Press: ? - help, Shift-Dir - straight line, f/p - Killer Klown
Aim: a Killer Klown, wielding a +9 club of electrocution (heavily wounded, will inflict weakness and antimagic, chance to daze and blind: 21%)
The Killer Klown is enfeebled!
The electric golem crackles and sizzles.
The electric golem hits you but does no damage.
The electric golem barely misses you. The electric golem closely misses you.
The electric golem hits you but does no damage.
The Killer Klown squeezes you with a +9 club of electrocution!
You shoot a bolt. The bolt hits the Killer Klown!!!
The bolt freezes the Killer Klown!!
You kill the Killer Klown!
Okawaru accepts your kill.
The electric golem blinks!
The shadow dragon breathes negative energy at you.
The bolt of negative energy hits you! You partially resist.
You feel drained.
The electric golem crackles and sizzles.
Your Fighting skill increases to level 23!
Casting: Enfeeble (dangerous; 6% risk of failure)
Confirm with . or Enter, or press ? or * to list all spells.
Aiming: Enfeeble (dangerous; 6% risk of failure)
Press: ? - help, Shift-Dir - straight line, f - shadow dragon
Aim: a shadow dragon (catching its breath, will inflict weakness, chance to daze and blind: 53%)
The shadow dragon is enfeebled!
The shadow dragon is lost in a daze.
You shoot a bolt. The bolt hits the shadow dragon!!
The bolt freezes the shadow dragon.
The shadow dragon is moderately wounded.
You shoot a bolt. The bolt hits the electric golem!!
The bolt freezes the electric golem.
The electric golem is moderately damaged.
The electric golem blinks!
You shoot a bolt. The bolt hits the shadow dragon!!
The shadow dragon is heavily wounded.
The shadow dragon is lost in a daze.
You shoot a bolt. The bolt hits the shadow dragon!!!
The bolt freezes the shadow dragon.
The shadow dragon is almost dead.
You shoot a bolt. The bolt hits the electric golem!!!!
The bolt freezes the electric golem!
The electric golem is almost destroyed.
The electric golem hurls lightning at you.
The bolt of lightning hits you! You resist.
The shadow dragon is lost in a daze.
You shoot a bolt.
The bolt closely misses the electric golem.
The bolt hits the shadow dragon!
You kill the shadow dragon!
Okawaru accepts your kill.
The electric golem crackles and sizzles.
The electric golem barely misses you. The electric golem closely misses you.
The electric golem hits you but does no damage. x2
You shoot a bolt.
The bolt hits the electric golem but does no damage.
The electric golem is almost destroyed.
The electric golem hits you. The electric golem shocks you. You resist.
The electric golem barely misses you.
The electric golem hits you but does no damage.
The electric golem closely misses you.
The electric golem hurls lightning at you.
The bolt of lightning hits you. You resist. The bolt of lightning hits you!
You resist.
The bolt of lightning misses the electric golem.
You shoot a bolt. The bolt hits the electric golem!!
The bolt freezes the electric golem.
You destroy the electric golem!
Okawaru accepts your kill.
No target in view!
No target in view!
Things that are here:
a +9 club of electrocution; a Killer Klown corpse HP restored.
There is an open door here.
Casting: Enfeeble (dangerous; 6% risk of failure)
Confirm with . or Enter, or press ? or * to list all spells.
You blink. 2 orbs of fire and a tentacled monstrosity come into view.
You feel yourself speed up.
The orb of fire emits a lurid red light.
The bolt of fire hits you. You resist.
Okay, then.
Unknown command.
You gain the combat prowess of a mighty hero.
The orb of fire emits a lurid red light.
The bolt of fire hits you!! You resist.
You can now deal lightning-fast blows.
Okay, then.
Fire: A) +9 triple crossbow (freeze) {god gift}
Press: ? - help, Q - select action, (/) - cycle Shift-Dir - straight line, f - orb of fire
Aim: an orb of fire (66% to hit)
Okay, then.
Unknown command.
Casting: Blink (safe; 1% risk of failure)
Confirm with . or Enter, or press ? or * to list all spells.
You blink.
A moth of wrath, 2 Orb Guardians and a shadow dragon come into view.
Found three items.
The moth of wrath's fur bristles in rage as it notices you.
The Killer Klown shouts!
You hear a shout!
An ancient lich comes into view.
The orb of fire emits a lurid red light.
Strange energies course through your body.
You feel the urge to shout.
Fire: A) +9 triple crossbow (freeze) {god gift}
Press: ? - help, Q - select action, (/) - cycle Shift-Dir - straight line, f - Killer Klown
Aim: a Killer Klown, wielding a +9 club of electrocution (74% to hit)
Okay, then.
Unknown command.
Fire: A) +9 triple crossbow (freeze) {god gift}
Press: ? - help, Q - select action, (/) - cycle Shift-Dir - straight line, f - orb of fire
Aim: an orb of fire (translocational energy, 66% to hit)
You shoot a bolt. The bolt hits the orb of fire!!
The bolt freezes the orb of fire.
The orb of fire is lightly damaged.
The shadow dragon breathes negative energy at you.
The bolt of negative energy hits you!! You partially resist.
You feel drained.
As you read the scroll of teleportation, it crumbles to dust.
You feel strangely unstable.
You feel the Orb delaying your translocation!
The orb of fire glows red.
The fireball explodes!
The fireball engulfs you!! You resist.
You hear a shout! x2
Casting: Blink (safe; 1% risk of failure)
Confirm with . or Enter, or press ? or * to list all spells.
Casting: Dispersal (mildly dangerous; 2% risk of failure)
Press: ? - help, Dir - look around, f - activate The Killer Klown blinks!
The Orb Guardian blinks!
The Killer Klown pies you viciously! The klown pie hits you!!
Raspberry!
You feel weakened.
You feel dopey.
You feel clumsy.
The orb of fire glows bright magenta.
Strange energies course through your body.
You feel stronger.
The Killer Klown kneecaps you with a +9 club of electrocution!!
* * * LOW HITPOINT WARNING * * *
Casting: Dispersal (dangerous; 3% risk of failure)
Confirm with . or Enter, or press ? or * to list all spells.
Casting: Dispersal (dangerous; 3% risk of failure)
Press: ? - help, Dir - look around, f - activate You miscast Dispersal.
You are very lightly contaminated with residual magic.
Nothing appears to happen.
The Orb Guardian hits you.
* * * LOW HITPOINT WARNING * * *
A Killer Klown comes into view. It is wielding a +10 club.
The Killer Klown sucker-punches you with a +9 club of electrocution!!
* * * LOW HITPOINT WARNING * * *
The Orb Guardian disappears!
Unknown command.
Blink to where?
Press: ? - help, Dir - move target Really blink into that permanent teleport trap?
You enter a permanent teleport trap!
Your surroundings suddenly seem different. 2 Orb Guardians and an orb of fire come into view.
Found a wand of flame (11) and a scroll of identify.
As you read the scroll of blinking, it crumbles to dust.
An Orb Guardian and 2 orbs of fire come into view.
Really walk into that permanent teleport trap?
You enter a permanent teleport trap!
Your surroundings seem slightly different.
Really walk into that permanent teleport trap?
You enter a permanent teleport trap!
Your surroundings suddenly seem different.
An orb of fire, a golden dragon, a Killer Klown and a ghost moth come into view.
The Killer Klown is wielding a +8 club of flaming.
Found a wand of mindburst (1).
An electric golem comes into view.
Found a scroll of identify.
An orb of fire comes into view.
Fire: A) +9 triple crossbow (freeze) {god gift}
Press: ? - help, Q - select action, (/) - cycle Shift-Dir - straight line, f - orb of fire
Aim: an orb of fire (65% to hit)
You shoot a bolt.
The bolt closely misses the orb of fire.
The ghost moth stares at you.
You feel your power leaking away.
* * * LOW MAGIC WARNING * * *
You yell at the orb of fire!
An orb of fire comes into view.
You hear a shout! x2
The ghost moth hits you.
* * * LOW HITPOINT WARNING * * *
You feel weakened. The ghost moth completely misses you.
The ghost moth misses you.
Your surroundings suddenly seem different.
Splash!
You fall into the shallow water.
Moving in this stuff is going to be slow.
Your magical contamination has completely faded away.
There is an open door, spattered with blood here.
Things that are here:
a +0 cloak; a +0 long sword You start resting.
Your extra speed is starting to run out.
You start resting.
You feel yourself slow down.
You start resting.
You feel like a meek peon again.
Items here: ))) [[[.
Things that are here:
a +0 dire flail; a +0 flail; a +0 long sword Your hands slow down.
You start resting.
You start resting.
You start resting.
You start resting.
Magic restored.
You see here a +0 rapier.
There is an open door here.
What are your orders? t - Yell!
Orders for allies: a - Attack new target. r - Retreat! s - Stop attacking. g - Guard the area. f - Follow me.
Anything else - Cancel.
You yell for attention!
You hear a shout!
You shoot a bolt. The bolt hits the Orb Guardian!!!
The bolt freezes the Orb Guardian!
The Orb Guardian is heavily wounded.
You shoot a bolt.
The bolt barely misses the Orb Guardian.
You shoot a bolt. The bolt hits the Orb Guardian!!
The bolt freezes the Orb Guardian!
You kill the Orb Guardian!
Okawaru accepts your kill.
The orb of fire fails to trigger a net trap.
You shoot a bolt. The bolt barely misses the orb of fire.
You hear a loud "Zot"!
The orb of fire fails to trigger a net trap.
You hear a loud "Zot"!
You gain the combat prowess of a mighty hero.
The orb of fire glows red.
The bolt of fire misses you.
You can now deal lightning-fast blows.
The orb of fire glows yellow.
The fireball explodes!
The fireball engulfs you!!! You resist.
The fireball engulfs the orb of fire.
The orb of fire completely resists.
The orb of fire glows bright magenta.
The fireball explodes!
The fireball engulfs you!! You resist.
The fireball engulfs the orb of fire.
The orb of fire completely resists.
You are too injured to fight recklessly!
You are too injured to fight recklessly!
Fire: A) +9 triple crossbow (freeze) {god gift}
Press: ? - help, Q - select action, (/) - cycle Shift-Dir - straight line, f/p - orb of fire
Aim: an orb of fire (65% to hit)
You shoot a bolt. The bolt barely misses the orb of fire.
The orb of fire glows yellow.
The fireball explodes!
The fireball engulfs you!! You resist.
* * * LOW HITPOINT WARNING * * *
The fireball engulfs the orb of fire.
The orb of fire completely resists.
The fireball engulfs the orb of fire.
The orb of fire completely resists.
You feel protected.
The orb of fire glows yellow.
The fireball explodes!
The fireball engulfs you! You resist.
* * * LOW HITPOINT WARNING * * *
The fireball engulfs the orb of fire.
The orb of fire completely resists.
The fireball engulfs the orb of fire.
The orb of fire completely resists.
You feel much better.
You feel much better.
You feel much better.
The orb of fire glows deep purple.
The fireball explodes!
The fireball engulfs you! You resist.
The fireball engulfs the orb of fire.
The orb of fire completely resists.
The fireball engulfs the orb of fire.
The orb of fire completely resists.
The orb of fire emits a lurid red light.
The fireball explodes!
The fireball engulfs you. You resist.
The fireball engulfs the orb of fire.
The orb of fire completely resists.
The fireball engulfs the orb of fire.
The orb of fire completely resists.
The orb of fire glows deep purple.
The fireball explodes!
The fireball engulfs you!! You resist.
The fireball engulfs the orb of fire.
The orb of fire completely resists.
The fireball engulfs the orb of fire.
The orb of fire completely resists.
Fire: A) +9 triple crossbow (freeze) {god gift}
Press: ? - help, Q - select action, (/) - cycle Shift-Dir - straight line, f/p - orb of fire
Aim: an orb of fire (65% to hit)
You shoot a bolt.
The bolt hits the orb of fire but does no damage.
The Killer Klown drops a net on you.
You become entangled in the net!
The orb of fire emits a lurid red light.
The bolt of fire hits you! You resist.
Casting: Dispersal (dangerous; 3% risk of failure)
Confirm with . or Enter, or press ? or * to list all spells.
You blink.
The orb of fire glows yellow.
Strange energies course through your body.
You feel weaker.
Fire: A) +9 triple crossbow (freeze) {god gift}
Press: ? - help, Q - select action, (/) - cycle Shift-Dir - straight line, f/p - orb of fire
Aim: an orb of fire (65% to hit)
You shoot a bolt. The bolt barely misses the orb of fire.
The orb of fire glows bright magenta.
Strange energies course through your body.
You feel weaker.
Fire: A) +9 triple crossbow (freeze) {god gift}
Press: ? - help, Q - select action, (/) - cycle Shift-Dir - straight line, f/p - orb of fire
Aim: an orb of fire (65% to hit)
You shoot a bolt.
The bolt completely misses the orb of fire.
The orb of fire glows bright magenta.
The fireball explodes!
The fireball engulfs you! You resist.
The orb of fire glows yellow.
The fireball explodes!
The fireball engulfs you!! You resist.
You hear a shout!
The orb of fire glows red.
The bolt of fire hits the orb of fire.
The orb of fire completely resists.
The bolt of fire hits you! You resist.
* * * LOW HITPOINT WARNING * * *
The orb of fire glows bright magenta.
The fireball explodes!
The fireball engulfs you!! You resist.
* * * LOW HITPOINT WARNING * * *
The orb of fire glows yellow.
The bolt of fire hits you!! You resist.
* * * LOW HITPOINT WARNING * * *
The orb of fire glows red.
The bolt of fire hits you!! You resist.
* * * LOW HITPOINT WARNING * * *
Blink to where?
Press: ? - help, Dir - move target, p - orb of fire
As you read the scroll of blinking, it crumbles to dust.
Things that are here:
a +9 club of electrocution; a Killer Klown skeleton
There is a stone staircase leading up here.
You climb upwards.
Level annotation: exclusion: upstairs
There is a stone staircase leading down here.
You start resting.
You start to feel less resistant.
You start resting.
Magic restored.
You start resting.
Your resistance to elements expires.
You start resting.
You feel like a meek peon again.
You start resting.
Your hands slow down.
You climb downwards.
There is a stone staircase leading up here.
You shoot a bolt.
The bolt hits the orb of fire but does no damage.
HP restored.
The orb of fire glows bright magenta.
The fireball explodes!
The fireball engulfs you!! You resist.
The fireball engulfs the orb of fire.
The orb of fire completely resists.
You hear a shout!
You climb upwards.
Level annotation: exclusion: upstairs
There is a stone staircase leading down here.
You shoot a bolt. The bolt hits the orb of fire!
The bolt freezes the orb of fire.
The orb of fire is lightly damaged.
The orb of fire glows bright magenta.
The bolt of fire misses you.
The orb of fire emits a lurid red light.
The fireball explodes!
The fireball engulfs you!!! You resist.
The fireball engulfs the orb of fire.
The orb of fire completely resists.
You are too injured to fight recklessly!
Unknown command.
Fire: A) +9 triple crossbow (freeze) {god gift}
Press: ? - help, Q - select action, (/) - cycle Shift-Dir - straight line, f/p - orb of fire
Aim: an orb of fire (lightly damaged, 64% to hit)
You shoot a bolt.
The bolt completely misses the orb of fire.
The orb of fire glows yellow.
The fireball explodes!
The fireball engulfs you!! You resist.
The fireball engulfs the orb of fire.
The orb of fire completely resists.
The orb of fire glows yellow.
The fireball explodes!
The fireball engulfs you!! You resist.
* * * LOW HITPOINT WARNING * * *
The fireball engulfs the orb of fire.
The orb of fire completely resists.
Fire: A) +9 triple crossbow (freeze) {god gift}
Press: ? - help, Q - select action, (/) - cycle Shift-Dir - straight line, f/p - orb of fire
Aim: an orb of fire (lightly damaged, 64% to hit)
You shoot a bolt. The bolt misses the orb of fire.
The orb of fire glows red.
The fireball explodes!
The fireball engulfs you!!! You resist.
* * * LOW HITPOINT WARNING * * *
The fireball engulfs the orb of fire.
The orb of fire completely resists.
The orb of fire glows bright magenta.
Strange energies course through your body.
Your regeneration stops near monsters.
Blink to where?
Press: ? - help, Dir - move target, p - orb of fire
As you read the scroll of blinking, it crumbles to dust.
The orb of fire glows bright magenta.
The fireball explodes!
The fireball engulfs you! You resist.
* * * LOW HITPOINT WARNING * * *
The orb of fire glows deep purple.
The bolt of fire hits you!! You resist.
You die...

#.........>..#############
#............'...........#
#............###########.#
#............# #.#
#............# #.#
#............###########.#
#............##..........#
#...........§##.########.#
#........@.*.##<# #.#
#............##.# #.#
#............##.# #.#
#............##.# #.#
#...^........##.# #.#
#............##.# #.'
########'####'########'##
###
........................#
#
........................#
#


You could see an orb of fire.

Vanquished Creatures
  the Royal Jelly (Slime:5)
  An orb of fire (Zot:3)
  Mara (Elf:3)
  A juggernaut (Depths:3)
  Vv (Depths:2)
  Josephina (Depths:2)
  The ghost of Bailed the Peltast, a veteran MiMo of Qazlal (Vaults:1)
  3 Killer Klowns
  Bai Suzhen (Vaults:3)
  Saint Roka (Depths:3)
  5 golden dragons
  Nikola (Spider:3)
  A bone dragon (Depths:4)
  An electric golem (Zot:5)
  Mlioglotl (Spider:3)
  Rupert (D:15)
  Jorgrun (D:14)
  A Hell Sentinel (Zot:5)
  9 Orb Guardians (Zot:5)
  11 tentacled monstrosities
  A walking earthen tome (Depths:3)
  2 deep elf master archers (Elf:3)
  23 acid blobs
  2 deep elf blademasters
  5 quicksilver dragons
  12 death cobs
  The ghost of Venk the Fighter, an adept DjFE of Gozag (D:14)
  6 tengu reavers
  4 sphinxes
  Kirke (Swamp:1)
  7 shadow dragons
  11 storm dragons
  Donald (Spider:4)
  11 azure jellies
  A fenstrider witch (Swamp:2)
  7 draconian monks
  15 rockslimes
  6 frost giants
  4 emperor scorpions (D:15)
  3 deep elf sorcerers
  A balrug (Depths:1)
  6 fire giants
  4 ghost moths
  6 draconian scorchers
  12 vault wardens
  9 draconian knights
  Louise (Swamp:4)
  Aizul (Vaults:3)
  The ghost of CertainDeath the Severer, a journeyman MiMo of Ru (D:15)
  7 draconian shifters
  6 deep elf elementalists (Elf:3)
  9 broodmothers
  15 ironbound preservers
  3 draconian annihilators
  8 quicksilver oozes
  2 war gargoyles
  8 stone giants
  9 draconian stormcallers
  16 green draconians
  12 very ugly things
  3 ironbound thunderhulks
  3 vampire knights
  A lorocyproca (Depths:1)
  3 deep elf demonologists (Elf:3)
  6 black draconians
  2 eleionomae
  The ghost of TacoSundae the Grappler, a journeyman DrTm of Uskayaw (Lair:5)
  4 deep elf annihilators (Elf:3)
  11 white draconians
  4 spark wasps
  15 red draconians
  11 yellow draconians
  14 dire elephants
  Snorg (D:10)
  2 blizzard demons
  A minotaur (Gauntlet)
  9 purple draconians
  3 green deaths
  2 yaktaur captains
  7 deep elf death magi
  A quicksilver dragon zombie (Depths:3)
  7 ettins
  14 fire dragons
  2 shambling mangroves (Swamp:3)
  3 deep elf high priests (Elf:3)
  A crystal guardian (Vaults:4)
  5 rakshasas
  A spriggan zombie (Depths:3)
  4 great orbs of eyes
  2 jorogumos
  7 entropy weavers
  4 ironbound frosthearts (Vaults:2)
  2 ghost crabs (Swamp:3)
  10 vault guards
  11 ice dragons
  A caustic shrike simulacrum (Depths:2)
  Erolcha (D:13)
  A peacekeeper (Vaults:4)
  4 spriggan air magi
  The ghost of BeowulfAlex the Transmogrifier, a journeyman OpTm of Gozag (D:9)
  4 catoblepae (Lair:5)
  7 boulder beetles
  12 hydras
  5 radroaches
  A catoblepas (shapeshifter) (Gauntlet)
  Erica (Lair:2)
  27 dancing weapons
  11 alligators
  5 centaur warriors
  8 two-headed ogres
  15 deep troll shamans
  8 death yaks
  14 tengu warriors
  12 deep troll earth magi
  An orc high priest (Orc:2)
  A soul eater (Depths:1)
  12 spriggan berserkers
  5 sun demons
  4 hell knights (Depths:2)
  A thrashing horror (Swamp:4)
  31 deep elf knights
  4 vampire magi
  A goliath frog (shapeshifter) (Gauntlet)
  6 pharaoh ants
  A shadow wraith (Depths:3)
  4 flayed ghosts
  18 iron trolls
  A spriggan druid (Swamp:4)
  5 steelbarb worms
  A salamander mystic (Depths:1)
  10 goliath frogs
  A fire crab (shapeshifter) (Vaults:1)
  10 orb spiders
  5 swamp dragons
  A death drake (shapeshifter) (Depths:2)
  3 glowing orange brains
  50 deep trolls
  2 sun moths
  2 sea snakes (D:15)
  18 deep elf archers
  A glowing orange brain (shapeshifter) (Vaults:2)
  7 bog bodies
  6 necromancers
  12 ironbound convokers
  44 deep elf zephyrmancers
  17 lindwurms
  8 orc knights (Orc:2)
  Pikel (D:7)
  4 phantasmal warriors
  A wolf spider zombie (D:12)
  A shadow dragon skeleton (Depths:3)
  7 wizards
  4 salamanders
  9 orc sorcerers
  27 deep elf pyromancers
  5 shining eyes
  26 wolf spiders
  5 cyclopes
  31 ugly things
  2 manticores (Lair:5)
  5 oklob plants
  A worldbinder (Gauntlet)
  10 elephants
  A frost giant zombie (Depths:3)
  21 moths of wrath
  3 will-o-the-wisps
  8 centaur zombies (D:12)
  A fire giant skeleton (Depths:3)
  Maurice (D:8)
  4 black mambas
  2 torpor snails
  15 vault sentinels
  6 orange demons
  3 eyes of devastation
  Joseph (D:7)
  Maggie (D:7)
  4 smoke demons
  A storm dragon simulacrum (Depths:3)
  2 unseen horrors
  17 cane toads
  9 demonic crawlers
  An efreet (D:13)
  11 komodo dragons
  10 yaktaurs
  2 hellwings
  3 rime drakes
  A spark wasp simulacrum (Depths:2)
  A yaktaur skeleton (Vaults:1)
  2 ice devils (D:14)
  3 tengu conjurers
  6 trolls
  2 bloated husks
  3 polar bears
  21 hornets
  10 tyrant leeches
  A sphinx simulacrum (Depths:2)
  Grinder (Sewer)
  A tengu simulacrum (Depths:2)
  Prince Ribbit (D:6)
  A wolf spider simulacrum (D:15)
  8 saltlings (Orc:2)
  23 tarantellas
  13 blink frogs
  A meliai zombie (D:12)
  A large abomination (Swamp:4)
  A human simulacrum (Vaults:1)
  6 centaur simulacra
  112 slime creatures
  27 culicivoras
  An air elemental (Elf:1)
  37 jumping spiders
  17 spriggans
  3 vampires
  6 shadows
  9 wraiths
  A hog (Swamp:1)
  5 water elementals
  63 yaks
  Eustachio (D:4)
  4 basilisks
  2 fire bats (Depths:2)
  4 fire elementals
  2 wyverns
  24 humans
  5 steam dragons (Volcano)
  66 redbacks
  2 neqoxecs (Depths:2)
  6 wargs
  A death yak simulacrum (Lair:4)
  A yaktaur simulacrum (Vaults:1)
  5 vampire mosquitoes
  14 swamp worms
  An acid dragon (D:13)
  A glowing shapeshifter zombie (Depths:3)
  11 water moccasins
  A naga (shapeshifter) (Gauntlet)
  2 hell hounds
  2 swamp drakes
  2 floating eyes (Depths:3)
  A glowing shapeshifter skeleton (Depths:3)
  20 orc warriors
  2 meliai simulacra (D:14)
  A sky beast (D:8)
  4 black bears
  An ice beast (D:6)
  5 ogres
  4 wolves
  11 boggarts
  A phantom (D:4)
  A centaur (D:12)
  3 kobold brigands
  2 lemures (D:7)
  2 necrophages
  10 bullfrogs
  A gnoll sergeant (D:6)
  A cane toad simulacrum (Lair:4)
  9 scorpions
  7 earth elementals
  4 wights (D:9)
  A hornet simulacrum (D:14)
  3 killer bees
  2 vampire bats (D:11)
  4 howler monkeys
  An electric eel (Spider:3)
  2 lava snakes (Lair:3)
  A quasit (Sewer)
  4 hounds
  A jelly (D:7)
  18 orc priests
  2 gnoll boudas
  7 iguanas
  19 orc wizards
  4 boggart zombies (D:12)
  Natasha (thrice) (D:3)
  A polar bear simulacrum (Lair:4)
  A wolf simulacrum (Lair:4)
  Robin (D:3)
  16 gnolls
  7 adders
  6 shadow imps
  2 white imps (D:6)
  6 ufetubi (Sewer)
  2 worms
  5 dart slugs
  59 orcs
  2 bat skeletons (D:11)
  3 bat zombies (D:11)
  9 endoplasms
  7 giant cockroaches
  12 goblins
  6 hobgoblins
  3 jackals (D:2)
  2 quokkas
  5 ball pythons
  16 bats
  4 frilled lizards
  29 kobolds
  8 rats
  3 pillars of salt (Orc:2)
2099 creatures vanquished.

Vanquished Creatures (others)
  A draconian knight (Zot:1)
  A purple draconian (Zot:1)
  A deep troll earth mage (Depths:1)
  A deep elf knight (Elf:2)
  5 vampire mosquitoes (Swamp:1)
  An endoplasm (Sewer)
  A giant cockroach zombie (Sewer)
  A fire vortex (Lair:3)
  6 foxfires (Swamp:3)
  50 fungi
  14 pillars of salt (Orc:2)
  94 plants
  39 withered plants
215 creatures vanquished.

Grand Total: 2314 creatures vanquished

Notes
Turn   | Place    | Note
-------+----------+-------------------------------------------
     0 | D:1      | sleeves the Deep Elf Hexslinger began the quest for the
                  | Orb.
     0 | D:1      | Reached XP level 1. HP: 11/11 MP: 5/5
   186 | D:1      | Reached skill level 3 in Ranged Weapons
   196 | D:1      | Reached XP level 2. HP: 16/16 MP: 6/6
   722 | D:2      | Found a white marble altar of Elyvilon.
   754 | D:2      | Reached XP level 3. HP: 20/20 MP: 5/7
   783 | D:2      | Reached skill level 4 in Ranged Weapons
   783 | D:2      | Reached skill level 5 in Hexes
  1005 | D:2      | Reached XP level 4. HP: 22/24 MP: 6/8
  1188 | D:2      | Reached skill level 5 in Ranged Weapons
  1323 | D:2      | Reached skill level 6 in Hexes
  1452 | D:3      | Noticed Natasha
  1461 | D:3      | Killed Natasha
  1462 | D:3      | Reached XP level 5. HP: 28/28 MP: 7/9
  1506 | D:3      | Found a glowing drain.
  1560 | Sewer    | Entered a sewer
  1745 | Sewer    | Learned a level 3 spell: Inner Flame
  1819 | Sewer    | HP: 11/28 [shadow imp/nerve-wracking pain (7)]
  1965 | Sewer    | Reached skill level 6 in Ranged Weapons
  1998 | Sewer    | Identified the +7 ring mail of Insurance {Will+ Regen+}
  2051 | Sewer    | HP: 7/28 [asphyx]
  2056 | Sewer    | HP: 6/42 [poisoned by a kobold brigand (curare-tipped
                  | dart)]
  2056 | Sewer    | HP: 1/42 [asphyx]
  2059 | Sewer    | Reached skill level 7 in Hexes
  2059 | Sewer    | Reached XP level 6. HP: 9/33 MP: 10/10
  2117 | Sewer    | HP: 16/33 [shadow imp (5)]
  2124 | Sewer    | HP: 14/33 [shadow imp (4)]
  2245 | Sewer    | Noticed Grinder
  2259 | Sewer    | Killed Grinder
  2260 | Sewer    | Reached skill level 7 in Ranged Weapons
  2260 | Sewer    | Reached skill level 8 in Hexes
  2260 | Sewer    | Reached XP level 7. HP: 37/37 MP: 1/11
  2357 | Sewer    | Found a burning altar of Makhleb.
  2601 | D:3      | Noticed Robin
  2615 | D:3      | Noticed Natasha
  2643 | D:3      | Killed Natasha
  2788 | D:3      | Found a glowing silver altar of Zin.
  2788 | D:3      | Found a broken altar of Ashenzari.
  2889 | D:3      | Killed Robin
  3031 | D:3      | Noticed Natasha
  3033 | D:3      | HP: 16/37 [Natasha/bolt of dispelling energy (18)]
  3038 | D:3      | HP: 6/37 [Natasha/bolt of dispelling energy (16)]
  3040 | D:3      | Killed Natasha
  3041 | D:3      | Reached skill level 8 in Ranged Weapons
  3185 | D:3      | Found a faded altar of an unknown god.
  3455 | D:4      | Reached skill level 9 in Hexes
  3645 | D:4      | Reached skill level 9 in Ranged Weapons
  3645 | D:4      | Reached XP level 8. HP: 40/42 MP: 12/12
  3697 | D:4      | Found an iron altar of Okawaru.
  4053 | D:4      | Found an opulent altar of Gozag.
  4082 | D:5      | Entered Level 5 of the Dungeon
  4212 | D:4      | Became a worshipper of Warmaster Okawaru
  4304 | D:5      | Reached skill level 10 in Hexes
  4388 | D:5      | Noticed Eustachio
  4613 | D:5      | Reached skill level 10 in Ranged Weapons
  4925 | D:4      | Killed Eustachio
  5053 | D:5      | HP: 21/42 [water moccasin (2)]
  5058 | D:5      | Reached skill level 11 in Hexes
  5058 | D:5      | HP: 11/42 [poisoned by a water moccasin]
  5063 | D:5      | HP: 10/42 [poisoned by a water moccasin]
  5186 | D:6      | Found a staircase to the Ecumenical Temple.
  5252 | D:6      | Reached * piety under Okawaru
  5253 | D:6      | Reached skill level 11 in Ranged Weapons
  5349 | D:6      | Reached XP level 9. HP: 41/46 MP: 11/13
  5697 | D:6      | Found an ornate altar of the Wu Jian Council.
  5861 | D:6      | Noticed Prince Ribbit
  5878 | D:6      | Killed Prince Ribbit
  5879 | D:6      | Reached skill level 12 in Ranged Weapons
  5879 | D:6      | Reached skill level 12 in Hexes
  5956 | D:7      | Noticed Joseph
  5977 | D:7      | Killed Joseph
  5977 | D:7      | Reached ** piety under Okawaru
  6359 | D:7      | Learned a level 4 spell: Cause Fear
  6363 | D:7      | Learned a level 3 spell: Portal Projectile
  6444 | D:7      | Noticed Pikel
  6541 | D:7      | Killed Pikel
  6541 | D:7      | Reached *** piety under Okawaru
  6542 | D:7      | Reached skill level 13 in Ranged Weapons
  6542 | D:7      | Reached skill level 13 in Hexes
  6690 | D:7      | Noticed Maggie
  6709 | D:7      | Killed Maggie
  6710 | D:7      | Reached XP level 10. HP: 51/51 MP: 8/14
  6805 | D:7      | Found Joxkosist's Specific Store.
  6807 | D:7      | Found Detsien's General Store.
  7247 | D:8      | Found a radiant altar of Vehumet.
  7348 | D:8      | Reached skill level 14 in Ranged Weapons
  7581 | D:8      | Found a basalt altar of Yredelemnul.
  7615 | D:8      | Noticed Maurice
  7616 | D:8      | Reached skill level 14 in Hexes
  7644 | D:8      | Killed Maurice
  7872 | D:8      | Reached **** piety under Okawaru
  8147 | D:8      | Found a staircase to the Lair.
  8155 | D:8      | Found Keggygh's Magic Scroll Shoppe.
  8188 | D:8      | Found a bloodstained altar of Trog.
  8198 | D:8      | Noticed a two-headed ogre
  8210 | D:8      | Killed a two-headed ogre
  8211 | D:8      | Reached skill level 15 in Ranged Weapons
  8211 | D:8      | Reached skill level 15 in Hexes
  8376 | D:9      | Found a blossoming altar of Fedhas.
  8465 | D:9      | Reached skill level 1 in Fighting
  8601 | D:9      | Reached skill level 3 in Dodging
  8767 | D:9      | Reached skill level 2 in Fighting
  8806 | D:9      | Noticed a two-headed ogre
  8836 | D:9      | Killed a two-headed ogre
  8836 | D:9      | Reached ***** piety under Okawaru
  8837 | D:9      | Reached skill level 4 in Dodging
  8837 | D:9      | Reached XP level 11. HP: 58/58 MP: 8/15
  9032 | D:9      | Found a runed translucent gate.
  9032 | D:9      | Found a runed translucent gate.
  9034 | D:9      | Found a runed translucent gate.
  9047 | D:9      | Noticed BeowulfAlex's ghost (journeyman OpTm)
  9483 | D:10     | Entered Level 10 of the Dungeon
  9494 | D:10     | Found a sacrificial altar of Ru.
  9651 | D:10     | Found a stormy altar of Qazlal.
 10168 | D:10     | Noticed Snorg
 10776 | D:10     | Reached skill level 3 in Fighting
 10776 | D:10     | Reached skill level 5 in Dodging
 10906 | D:10     | Found a shadowy altar of Dithmenos.
 10907 | D:10     | Found a snail-covered altar of Cheibriados.
 10979 | D:10     | Killed Snorg
 11267 | D:10     | Reached skill level 16 in Ranged Weapons
 11448 | D:10     | Found an ornate altar of the Wu Jian Council.
 11450 | D:10     | Found a shimmering altar of Xom.
 11450 | D:10     | Found a shimmering altar of Xom.
 11461 | D:10     | Reached skill level 6 in Dodging
 11491 | D:10     | Found a hide-covered altar of Uskayaw.
 11491 | D:10     | Found a shimmering blue altar of Sif Muna.
 11491 | D:10     | Found a glowing golden altar of the Shining One.
 11891 | D:10     | Reached skill level 4 in Fighting
 12072 | D:11     | HP: 30/61 [cyclops/large rock (23)]
 12075 | D:11     | Reached skill level 2 in Spellcasting
 12443 | D:11     | Found an ancient bone altar of Kikubaaqudgha.
 12576 | D:12     | Noticed a boulder beetle
 12592 | D:12     | Found a staircase to the Orcish Mines.
 12714 | D:12     | Reached skill level 3 in Spellcasting
 12851 | D:12     | Noticed a vault guard
 12851 | D:12     | Noticed a red ugly thing
 12852 | D:12     | HP: 24/62 [red ugly thing (16)]
 12888 | D:11     | Killed a red ugly thing
 12888 | D:11     | Received a gift from Okawaru
 12889 | D:11     | Reached skill level 7 in Dodging
 12997 | Lair:1   | Entered Level 1 of the Lair of Beasts
 13011 | Lair:1   | Reached skill level 4 in Spellcasting
 13014 | Lair:1   | HP: 31/62 [poisoned by a cane toad]
 13019 | Lair:1   | HP: 30/62 [poisoned by a cane toad]
 13400 | Lair:1   | Reached skill level 5 in Fighting
 13477 | Lair:1   | Noticed an oklob plant
 13507 | Lair:1   | Reached skill level 5 in Spellcasting
 13598 | Lair:1   | HP: 22/63 [cane toad (12)]
 13683 | Lair:1   | Reached skill level 8 in Dodging
 14479 | Lair:2   | You fall into a shaft and drop 1 floor!
 14570 | Lair:2   | Reached skill level 6 in Spellcasting
 14570 | Lair:2   | Reached XP level 12. HP: 65/68 MP: 21/23
 14710 | Lair:2   | Noticed Erica
 15089 | Lair:2   | Identified the +0 arbalest of Cataclysm {god gift, flame,
                  | rF+ rC- Str+2 Dex+3} (Okawaru gifted it to you on level 2
                  | of the Lair of Beasts)
 15089 | Lair:2   | Received a gift from Okawaru
 15172 | Lair:2   | Killed Erica
 15173 | Lair:2   | Reached skill level 17 in Ranged Weapons
 15324 | Lair:2   | Found a hole to the Spider Nest.
 15898 | Lair:3   | Reached skill level 18 in Ranged Weapons
 16060 | Lair:3   | Noticed a death yak
 16089 | Lair:3   | Killed a death yak
 16106 | Lair:3   | Noticed a death yak
 16111 | Lair:3   | Noticed a death yak
 16119 | Lair:3   | Noticed a death yak
 16140 | Lair:2   | Killed a death yak
 16318 | Lair:3   | Reached skill level 19 in Ranged Weapons
 16488 | Lair:3   | Received a gift from Okawaru
 16700 | Lair:3   | Killed a death yak
 16757 | Lair:3   | Found a staircase to the Swamp.
 16831 | Lair:4   | Found a frozen archway.
 16856 | Lair:4   | Reached skill level 20 in Ranged Weapons
 16862 | Lair:4   | Reached skill level 1 in Stealth
 16920 | Lair:4   | Found a staircase to the Slime Pits.
 16920 | Lair:4   | Found a viscous altar of Jiyva.
 16941 | Lair:4   | Noticed a four-headed hydra
 16950 | Lair:4   | Killed a four-headed hydra
 16951 | Lair:4   | Reached skill level 2 in Stealth
 16989 | Lair:4   | Reached XP level 13. HP: 74/74 MP: 24/24
 17029 | Lair:4   | Reached skill level 3 in Stealth
 17105 | Lair:4   | Reached skill level 9 in Dodging
 17117 | Lair:4   | Reached skill level 6 in Fighting
 17118 | IceCv    | Entered an ice cave
 17321 | Lair:4   | Identified the +6 whip of Animal Spirits {vorpal, *Slow
                  | rCorr Dex+6}
 17495 | Lair:4   | Reached skill level 4 in Stealth
 17676 | Lair:5   | Entered Level 5 of the Lair of Beasts
 17730 | Lair:4   | HP: 37/74 [poisoned by a cane toad]
 17733 | Lair:4   | HP: 14/74 [cane toad (10)]
 17814 | Lair:5   | Reached skill level 1 in Invocations
 17834 | Lair:5   | Reached skill level 5 in Stealth
 17837 | Lair:5   | Reached ****** piety under Okawaru
 17868 | Lair:5   | Reached skill level 2 in Invocations
 17987 | Lair:5   | Identified the +2 cloak "Wugorchuy" {god gift, Regen+
                  | rCorr} (Okawaru gifted it to you on level 5 of the Lair of
                  | Beasts)
 17987 | Lair:5   | Received a gift from Okawaru
 18029 | Lair:5   | Reached skill level 10 in Dodging
 18059 | Lair:5   | Reached skill level 3 in Invocations
 18069 | Lair:5   | Reached skill level 6 in Stealth
 18107 | Lair:5   | Reached skill level 7 in Fighting
 18297 | Lair:5   | Found a transporter.
 18297 | Lair:5   | Noticed TacoSundae's ghost (journeyman DrTm)
 18301 | Lair:5   | Found a transporter.
 18326 | Lair:5   | Reached skill level 4 in Invocations
 18421 | Lair:5   | Reached skill level 7 in Stealth
 18727 | Lair:5   | Reached skill level 5 in Invocations
 18853 | Lair:5   | Reached skill level 8 in Stealth
 18861 | Lair:5   | Identified the +0 hat of Gecies {god gift, rElec Will+
                  | Regen+} (Okawaru gifted it to you on level 5 of the Lair of
                  | Beasts)
 18861 | Lair:5   | Received a gift from Okawaru
 18926 | Lair:5   | Reached XP level 14. HP: 83/83 MP: 25/25
 18992 | Lair:5   | Reached skill level 6 in Invocations
 18993 | Lair:5   | Reached skill level 8 in Fighting
 19435 | Lair:1   | Reached skill level 9 in Stealth
 20091 | D:12     | Reached skill level 7 in Invocations
 20178 | D:12     | Reached skill level 10 in Stealth
 20183 | D:12     | Found a portal to a secret trove of treasure.
 20445 | D:13     | Noticed Erolcha
 20448 | D:13     | Killed Erolcha
 20626 | D:13     | Received a gift from Okawaru
 20676 | D:13     | Reached skill level 8 in Invocations
 20846 | D:13     | Reached skill level 9 in Fighting
 20982 | D:13     | Found a shadowy altar of Dithmenos.
 20990 | D:13     | Reached skill level 11 in Stealth
 21200 | D:13     | Found a gate to the Vaults.
 21304 | D:14     | Received a gift from Okawaru
 21305 | D:14     | Reached skill level 9 in Invocations
 21375 | D:14     | Found a gate leading to a gauntlet.
 21399 | Gauntlet | Entered a Gauntlet
 21399 | Gauntlet | Found a large runed translucent door.
 21399 | Gauntlet | Found a large runed translucent door.
 21399 | Gauntlet | Found a large runed translucent door.
 21399 | Gauntlet | Found a large runed translucent door.
 21399 | Gauntlet | Found a large runed translucent door.
 21399 | Gauntlet | Found a large runed translucent door.
 21399 | Gauntlet | Found a runed translucent door.
 21399 | Gauntlet | Found a transporter.
 21399 | Gauntlet | Found a transporter.
 21399 | Gauntlet | Found a runed translucent door.
 21399 | Gauntlet | Found a large runed translucent door.
 21399 | Gauntlet | Found a large runed translucent door.
 21399 | Gauntlet | Found a large runed translucent door.
 21399 | Gauntlet | Found a large runed translucent door.
 21399 | Gauntlet | Found a large runed translucent door.
 21399 | Gauntlet | Found a large runed translucent door.
 21403 | Gauntlet | Found a transporter.
 21403 | Gauntlet | Found a transporter.
 21419 | Gauntlet | Found a transporter.
 21423 | Gauntlet | Found a transporter.
 21423 | Gauntlet | Found a transporter.
 21447 | Gauntlet | Found a transporter.
 21454 | Gauntlet | Found a transporter.
 21466 | Gauntlet | Found a transporter.
 21479 | Gauntlet | Found a large runed translucent door.
 21480 | Gauntlet | Found a large runed translucent door.
 21482 | Gauntlet | Found a runed translucent gate.
 21483 | Gauntlet | Found a runed translucent gate.
 21484 | Gauntlet | Found a transporter.
 21484 | Gauntlet | Found a runed translucent gate.
 21508 | Gauntlet | Found a transporter.
 21541 | Gauntlet | Found a transporter.
 21555 | Gauntlet | Found a transporter.
 21638 | Gauntlet | Found a large runed translucent door.
 21638 | Gauntlet | Found a large runed translucent door.
 21657 | Gauntlet | Found a transporter.
 21675 | Gauntlet | Found the +2 ratskin cloak {*Rats rPois rN+ Str-1 Int-1
                  | Dex+1}
 21678 | Gauntlet | Found a transporter.
 21861 | Gauntlet | Identified the ring "Baoriushug" {rElec rF+ rN+ rCorr SInv}
 21909 | Gauntlet | Identified the +0 ring mail "Poxkink" {rElec Will++ Dex-2}
 21966 | D:14     | Noticed Venk's ghost (adept DjFE)
 22040 | D:14     | Found a runed translucent gate.
 22041 | D:14     | Found a runed translucent gate.
 22042 | D:14     | Found a runed translucent gate.
 22092 | D:14     | Reached skill level 12 in Stealth
 22170 | D:14     | Noticed Jorgrun
 22179 | D:14     | HP: 9/87 [Jorgrun/iron shot (69)]
 22238 | D:14     | Killed Jorgrun
 22239 | D:14     | Reached XP level 15. HP: 76/92 MP: 26/26
 22429 | D:15     | Entered Level 15 of the Dungeon
 22500 | D:15     | Found the +9 staff of Olgreb {rPois∞}
 22561 | D:15     | Noticed an emperor scorpion
 22562 | D:15     | Found a runed translucent gate.
 22564 | D:15     | Found a runed translucent door.
 22566 | D:15     | Found a runed translucent gate.
 22575 | D:15     | Found a runed translucent gate.
 22577 | D:15     | Noticed an emperor scorpion
 22577 | D:15     | Noticed an emperor scorpion
 22577 | D:15     | Noticed an emperor scorpion
 22584 | D:15     | Found a runed translucent door.
 22614 | D:15     | Found a runed translucent door.
 22616 | D:15     | Identified the +7 spear "Boydy" {freeze, Str+2}
 22618 | D:15     | Noticed CertainDeath's ghost (journeyman MiMo)
 22651 | D:15     | Found a staircase to the Depths.
 23010 | D:15     | Noticed Rupert
 23652 | Spider:1 | Entered Level 1 of the Spider Nest
 23711 | Spider:1 | Reached skill level 10 in Fighting
 23777 | Spider:1 | Reached skill level 10 in Invocations
 23843 | Spider:1 | HP: 36/92 [wolf spider (15)]
 23848 | Spider:1 | HP: 42/92 [poisoned by a redback]
 23874 | Spider:1 | Identified a scroll of acquirement
 23880 | Spider:1 | Acquired 1079 gold pieces
 24028 | Spider:1 | Reached skill level 1 in Translocations
 24095 | Spider:1 | Reached skill level 13 in Stealth
 24182 | Spider:1 | Reached skill level 2 in Translocations
 24271 | Spider:1 | Received a gift from Okawaru
 24625 | Spider:1 | Reached skill level 3 in Translocations
 25136 | Spider:2 | HP: 41/86 [jorogumo/bolt of negative energy (45)]
 25176 | Spider:2 | HP: 40/84 [wolf spider (6)]
 25181 | Spider:2 | HP: 37/82 [pharaoh ant (16)]
 25184 | Spider:2 | Reached skill level 4 in Translocations
 25184 | Spider:2 | Reached skill level 11 in Invocations
 25212 | Spider:2 | HP: 43/88 [wolf spider simulacrum (24)]
 25263 | Spider:2 | Reached skill level 14 in Stealth
 25291 | Spider:2 | HP: 46/92 [jumping spider (2)]
 25296 | Spider:2 | HP: 39/92 [poisoned by a redback]
 25311 | Spider:2 | Reached skill level 5 in Translocations
 25403 | Spider:2 | Identified the +6 chain mail of the Armoured One {god gift,
                  | Rampage Regen+ Str-5} (Okawaru gifted it to you on level 2
                  | of the Spider Nest)
 25403 | Spider:2 | Received a gift from Okawaru
 25616 | Spider:2 | HP: 44/92 [spark wasp (5)]
 25903 | Spider:2 | Reached skill level 6 in Translocations
 26212 | Spider:3 | HP: 41/89 [pharaoh ant (6)]
 26242 | Spider:3 | Reached skill level 12 in Invocations
 26248 | Spider:3 | Reached XP level 16. HP: 79/97 MP: 24/27
 26311 | Spider:3 | Noticed Mlioglotl
 26318 | Spider:2 | Reached skill level 15 in Stealth
 26479 | Spider:3 | Noticed Nikola
 26490 | Spider:3 | Gained mutation: You are agile. (Dex +4, Str/Int -1) [a
                  | neqoxec]
 26514 | Spider:3 | Noticed a tentacled starspawn
 26521 | Spider:2 | HP: 48/97 [poisoned by a redback]
 26547 | Spider:1 | Learned a level 6 spell: Dispersal
 26551 | Spider:1 | Learned a level 3 spell: Teleport Other
 26653 | Spider:2 | HP: 39/97 [poisoned by a redback]
 26659 | Spider:2 | HP: 27/97 [redback (12)]
 26660 | Spider:2 | HP: 11/97 [redback (9)]
 26780 | Swamp:1  | Entered Level 1 of the Swamp
 26787 | Swamp:1  | HP: 40/97 [spore (32)]
 26788 | Swamp:1  | Reached skill level 7 in Translocations
 27038 | Swamp:1  | Noticed Kirke
 27042 | Swamp:1  | Killed Kirke
 27318 | Swamp:1  | Reached skill level 8 in Translocations
 27520 | Swamp:2  | Reached skill level 9 in Translocations
 27802 | Swamp:2  | Reached skill level 10 in Translocations
 27828 | Swamp:2  | Received a gift from Okawaru
 27941 | Swamp:2  | Learned a level 2 spell: Blink
 28087 | Swamp:3  | Reached skill level 11 in Translocations
 28457 | Swamp:3  | Reached skill level 12 in Translocations
 28743 | Swamp:4  | Entered Level 4 of the Swamp
 28883 | Swamp:4  | Noticed Louise
 28900 | Swamp:4  | Reached skill level 13 in Translocations
 28991 | Swamp:4  | Killed Louise
 29292 | Swamp:4  | Received a gift from Okawaru
 29338 | Swamp:4  | Reached skill level 14 in Translocations
 29387 | Swamp:4  | Noticed a tentacled monstrosity
 29505 | Swamp:4  | Killed a tentacled monstrosity
 29506 | Swamp:4  | Reached XP level 17. HP: 102/102 MP: 25/28
 29647 | Swamp:4  | Reached skill level 15 in Translocations
 29661 | Swamp:4  | Got a decaying rune of Zot
 29675 | Swamp:4  | HP: 34/102 [white very ugly thing (21)]
 29680 | Swamp:4  | HP: 31/102 [poisoned by a green death (bolt of poison)]
 29685 | Swamp:4  | HP: 42/102 [poisoned by a green death (bolt of poison)]
 29769 | Swamp:4  | HP: 39/102 [white very ugly thing (18)]
 29769 | Swamp:4  | HP: 13/102 [white very ugly thing (26)]
 29802 | Swamp:4  | HP: 34/98 [white very ugly thing (26)]
 30064 | Vaults:1 | Entered Level 1 of the Vaults
 30155 | Vaults:1 | HP: 41/101 [poisoned by a redback]
 30247 | Vaults:1 | HP: 48/102 [dire elephant (24)]
 30387 | Vaults:1 | HP: 43/102 [centaur warrior/arrow (9)]
 30510 | Orc:1    | Entered Level 1 of the Orcish Mines
 30532 | Orc:1    | Reached skill level 16 in Translocations
 30854 | Orc:2    | Entered Level 2 of the Orcish Mines
 30884 | Orc:2    | Found a staircase to the Elven Halls.
 30909 | Orc:2    | Found a dark tunnel.
 30954 | Volcano  | Entered a volcano
 31104 | Volcano  | Found the +2 cloak of the Thief {*Fog Slay-2 SInv Stlth+}
 31111 | Volcano  | Identified the +2 shortbow of Unylud {god gift, freeze,
                  | rPois MP+9} (Okawaru gifted it to you in a volcano)
 31111 | Volcano  | Received a gift from Okawaru
 31644 | Orc:2    | Reached skill level 17 in Translocations
 31761 | Orc:2    | Found Uskin's General Store.
 31858 | Orc:2    | Found Oburan's Antique Weapon Shoppe.
 31860 | Orc:2    | Found Fabael's Armour Shoppe.
 31900 | Orc:2    | Found Hat Onin's Assorted Antiques.
 32384 | Elf:1    | Entered Level 1 of the Elven Halls
 32531 | Elf:1    | HP: 44/99 [deep elf knight/shard of ice (48)]
 32629 | Elf:1    | HP: 39/100 [+0 trident of venom (12)]
 32634 | Elf:1    | Found Xamit's Distillery.
 32634 | Elf:1    | HP: 48/100 [poisoned by a +0 trident of venom]
 32636 | Elf:1    | Reached skill level 18 in Translocations
 32637 | Elf:1    | Reached skill level 1 in Armour
 32639 | Elf:1    | HP: 48/101 [+4 vorpal hand axe (8)]
 32701 | Elf:1    | Reached skill level 2 in Armour
 32732 | Elf:1    | Received a gift from Okawaru
 32752 | Elf:1    | Reached skill level 3 in Armour
 32858 | D:8      | Bought a scroll of enchant weapon for 105 gold pieces
 33128 | Elf:1    | Bought a potion of heal wounds for 90 gold pieces
 33128 | Elf:1    | Bought a potion of magic for 144 gold pieces
 33128 | Elf:1    | Bought 2 potions of curing for 108 gold pieces
 33142 | Elf:1    | HP: 50/100 [deep elf archer/arrow (12)]
 33263 | Elf:1    | HP: 48/102 [poisoned by a +0 trident of venom]
 33268 | Elf:1    | HP: 33/102 [poisoned by a +0 trident of venom]
 33273 | Elf:1    | HP: 32/102 [poisoned by a +0 trident of venom]
 33363 | Elf:1    | HP: 47/102 [deep elf archer/arrow (19)]
 33407 | Elf:1    | Reached XP level 18. HP: 107/107 MP: 9/29
 33574 | Elf:1    | Reached skill level 21 in Ranged Weapons
 33597 | Elf:1    | Got the Parchment of Battling
 33659 | Elf:1    | Identified the -1 cloak "Woequk Jeaff" {god gift, SInv}
                  | (Okawaru gifted it to you on level 1 of the Elven Halls)
 33659 | Elf:1    | Received a gift from Okawaru
 33706 | Elf:1    | Found Dulonka's Assorted Antiques.
 33713 | Elf:1    | Found Qeav's Armour Emporium.
 33804 | Elf:1    | Bought a scroll of enchant weapon for 225 gold pieces
 33804 | Elf:1    | Bought a potion of haste for 300 gold pieces
 33850 | Elf:1    | Identified the +6 war axe of the Orb {freeze, rElec Int+5}
 33961 | Elf:1    | Found Neezun's Assorted Antiques.
 33969 | Elf:1    | Bought a scroll of enchant armour for 172 gold pieces
 33969 | Elf:1    | Bought a scroll of magic mapping for 172 gold pieces
 33995 | Elf:1    | Found Coutoixt's Distillery.
 34004 | Elf:1    | Bought 2 potions of heal wounds for 100 gold pieces
 34004 | Elf:1    | Bought a potion of curing for 30 gold pieces
 34437 | Elf:2    | Found a runed translucent gate.
 34438 | Elf:2    | Found a runed translucent gate.
 34439 | Elf:2    | Found a runed translucent gate.
 34482 | Elf:2    | Reached skill level 22 in Ranged Weapons
 34789 | Elf:3    | Entered Level 3 of the Elven Halls
 34811 | Elf:3    | Noticed Mara
 34824 | Elf:3    | Noticed sleeves's illusion
 35277 | Elf:3    | Noticed sleeves's illusion
 35394 | Elf:3    | Reached skill level 23 in Ranged Weapons
 35435 | Elf:3    | Noticed sleeves's illusion
 35522 | Elf:3    | Killed Mara
 35920 | Elf:3    | Identified the +7 chain mail "Joevil" {Rampage}
 36031 | Elf:3    | Noticed an Ice Fiend
 36036 | Elf:3    | Reached skill level 24 in Ranged Weapons
 36156 | Elf:3    | Identified the +1 buckler of Infinity {god gift, Will+}
                  | (Okawaru gifted it to you on level 3 of the Elven Halls)
 36156 | Elf:3    | Received a gift from Okawaru
 36173 | Elf:3    | HP: 51/107 [deep elf annihilator/iron shot (54)]
 36290 | Elf:3    | Identified the +8 flail of the Final Knives {speed, rN++
                  | rCorr}
 36773 | Elf:3    | Identified the +7 scale mail of Demons {Regen+}
 36779 | Elf:3    | Learned a level 4 spell: Anguish
 36812 | Elf:3    | Identified the amulet of Bioziufaf {Acrobat rPois}
 36830 | Elf:3    | Identified the +2 robe of the Land of Plenty {Will+ SInv}
 36830 | Elf:3    | Identified the ring "Sygrisus" {Fly rF+}
 36860 | Elf:3    | Identified the ring of Weymiequ {Fly MP-9 Str+4 Int+9}
 36865 | Elf:3    | Reached skill level 25 in Ranged Weapons
 36922 | Elf:3    | Noticed a Brimstone Fiend
 36952 | Elf:3    | Identified the +8 double sword "Hassir" {protect, rC+
                  | Will+}
 36952 | Elf:3    | Identified the ring of Discord {AC+4 Dex+2}
 37004 | Elf:3    | Got the Codex of Calefaction
 37117 | Elf:3    | Found Umaunedi's Armour Emporium.
 37170 | Elf:3    | Reached XP level 19. HP: 102/112 MP: 25/30
 38333 | Vaults:1 | Reached skill level 26 in Ranged Weapons
 38411 | Vaults:1 | Identified the +5 ring mail "Zuplugif" {god gift, Rampage
                  | Dex+9 Slay-2} (Okawaru gifted it to you on level 1 of the
                  | Vaults)
 38411 | Vaults:1 | Received a gift from Okawaru
 38585 | Vaults:1 | HP: 54/112 [tengu reaver/+2 vorpal great sword (6)]
 38590 | Vaults:1 | HP: 56/112 [tengu reaver/+2 vorpal great sword (2)]
 38595 | Vaults:1 | HP: 33/112 [poisoned by a tengu reaver (bolt of poison)]
 38986 | Vaults:1 | Found a runed translucent gate.
 38986 | Vaults:1 | Found a runed translucent gate.
 38987 | Vaults:1 | Found a runed translucent gate.
 38987 | Vaults:1 | Noticed Bailed's ghost (veteran MiMo)
 39267 | Vaults:2 | HP: 28/112 [ironbound frostheart (35)]
 39362 | Vaults:2 | Found Horokem's Armour Boutique.
 39373 | Vaults:2 | Found Gumareg's Distillery.
 39384 | Vaults:2 | Bought a potion of haste for 210 gold pieces
 39384 | Vaults:2 | Bought a potion of cancellation for 168 gold pieces
 39417 | Vaults:2 | Reached skill level 27 in Ranged Weapons
 39537 | Vaults:2 | HP: 55/112 [yaktaur/bolt (2)]
 40058 | Vaults:2 | Reached skill level 11 in Fighting
 40191 | Vaults:2 | Identified the +8 triple sword of the Shining Light {god
                  | gift, freeze, rC+ Str+3 Dex+4} (Okawaru gifted it to you on
                  | level 2 of the Vaults)
 40191 | Vaults:2 | Received a gift from Okawaru
 40439 | Vaults:2 | Reached skill level 12 in Fighting
 40467 | Vaults:2 | Found Facaise's Magic Scroll Boutique.
 40475 | Vaults:2 | Bought a scroll of teleportation for 54 gold pieces
 40475 | Vaults:2 | Bought a scroll of teleportation for 54 gold pieces
 40475 | Vaults:2 | Bought a scroll of blinking for 135 gold pieces
 40900 | Vaults:3 | Noticed Aizul
 40905 | Vaults:3 | HP: 56/116 [poisoned by Aizul (poison arrow)]
 40906 | Vaults:3 | Killed Aizul
 40910 | Vaults:3 | HP: 49/116 [poisoned by Aizul (poison arrow)]
 40915 | Vaults:3 | HP: 58/116 [poisoned by Aizul (poison arrow)]
 41051 | Vaults:3 | Found a staircase to the Crypt.
 41051 | Vaults:3 | Found an ancient bone altar of Kikubaaqudgha.
 41051 | Vaults:3 | Found a basalt altar of Yredelemnul.
 41083 | Vaults:3 | Noticed Bai Suzhen
 41202 | Vaults:3 | Noticed Frederick
 41205 | Vaults:3 | HP: 51/114 [metal wall collision (14)]
 41206 | Vaults:3 | HP: 3/114 [spellforged servitor/bolt of cold[Frederick]
                  | (36)]
 41381 | Vaults:3 | Identified the +1 helmet of Defiance {god gift, Int+2}
                  | (Okawaru gifted it to you on level 3 of the Vaults)
 41381 | Vaults:3 | Received a gift from Okawaru
 41382 | Vaults:3 | Reached XP level 20. HP: 124/124 MP: 31/31
 41424 | Vaults:3 | HP: 31/124 [spellforged servitor/bolt of cold[Frederick]
                  | (70)]
 41768 | Vaults:3 | Killed Bai Suzhen
 41769 | Vaults:3 | Reached skill level 13 in Fighting
 42349 | Vaults:4 | Noticed Mennas
 42852 | Vaults:4 | Reached skill level 14 in Fighting
 43644 | Spider:3 | Killed Mlioglotl
 43659 | Spider:3 | Killed Nikola
 43906 | Spider:4 | Entered Level 4 of the Spider Nest
 43906 | Spider:4 | Noticed Donald
 43938 | Spider:4 | Killed Donald
 43945 | Spider:4 | Received a gift from Okawaru
 44080 | Spider:3 | HP: 63/128 [poisoned by an emperor scorpion]
 44085 | Spider:3 | HP: 39/128 [poisoned by an emperor scorpion]
 44090 | Spider:2 | HP: 46/128 [poisoned by an emperor scorpion]
 44197 | Spider:4 | Reached skill level 15 in Fighting
 44212 | Spider:4 | Identified the -2 helmet of the Sunfish {god gift, Rampage
                  | Will- MP+9} (Okawaru gifted it to you on level 4 of the
                  | Spider Nest)
 44212 | Spider:4 | Received a gift from Okawaru
 45015 | Spider:4 | Got a gossamer rune of Zot
 45387 | Depths:1 | Entered Level 1 of the Depths
 45387 | Depths:1 | Found a gateway to Hell.
 45525 | Depths:1 | Found a basalt altar of Yredelemnul.
 45540 | Depths:1 | Reached skill level 16 in Fighting
 45679 | Depths:1 | Reached XP level 21. HP: 137/137 MP: 20/32
 45893 | Depths:1 | Found a one-way gate to the infinite horrors of the Abyss.
 45958 | Depths:1 | Found a transporter.
 45959 | Depths:1 | Noticed KennySheep's ghost (adept DgCj)
 45961 | Depths:1 | Found a transporter.
 45961 | Depths:1 | Identified the +1 great mace of Beogh {flame, rElec}
 45962 | Depths:1 | Identified the +4 great mace of Wirij {vorpal, rC+ rN+
                  | Dex+3}
 46109 | Depths:1 | Reached skill level 17 in Fighting
 46120 | Depths:1 | Identified the +1 buckler of the Sailor {god gift, Dex+3
                  | Slay+3} (Okawaru gifted it to you on level 1 of the Depths)
 46120 | Depths:1 | Received a gift from Okawaru
 46314 | Depths:1 | Found a one-way gate leading to the halls of Pandemonium.
 46817 | Depths:2 | Noticed a golden dragon
 46909 | Depths:2 | Noticed Vv
 46909 | Depths:2 | HP: 51/140 [iron troll (22)]
 46911 | Depths:2 | HP: 20/140 [Vv/flame surge (27)]
 46911 | Depths:2 | HP: 5/140 [deep troll shaman (15)]
 46972 | Depths:2 | Killed a golden dragon
 47097 | Depths:2 | Reached skill level 18 in Fighting
 47142 | Depths:1 | HP: 49/139 [ettin/+0 dire flail (34)]
 47398 | Depths:2 | Lost mutation: You are agile. (Dex +4, Str/Int -1) [a
                  | neqoxec]
 47465 | Depths:2 | Killed Vv
 47628 | Depths:2 | Received a gift from Okawaru
 47713 | Depths:2 | Found an opulent altar of Gozag.
 47758 | Depths:2 | Identified the ring "Farrebbu" {Ice Str+2}
 47758 | Depths:2 | Noticed Josephina
 47801 | Depths:2 | Killed Josephina
 48140 | Depths:3 | Noticed a golden dragon
 48144 | Depths:3 | Killed a golden dragon
 48145 | Depths:3 | Reached skill level 19 in Fighting
 48155 | Depths:3 | Noticed Saint Roka
 48186 | Depths:3 | Killed Saint Roka
 48241 | Depths:3 | Identified the +11 quarterstaff of Strategic Superiority
                  | {freeze, rPois Dex+2 Stlth-}
 48317 | Depths:3 | Identified the +1 robe "Otesi" {rN+ Regen+ Int-2}
 48538 | Depths:3 | Reached XP level 22. HP: 131/150 MP: 27/33
 48598 | Depths:3 | HP: 65/150 [spark wasp (15)]
 48822 | Depths:3 | Noticed a juggernaut
 48869 | Depths:3 | Killed a juggernaut
 48869 | Depths:3 | Received a gift from Okawaru
 48929 | Depths:3 | Reached skill level 20 in Fighting
 49032 | Depths:3 | Reached skill level 4 in Armour
 49480 | Depths:3 | Reached skill level 5 in Armour
 49485 | Depths:3 | Reached skill level 16 in Hexes
 49499 | Depths:4 | Entered Level 4 of the Depths
 49644 | Depths:4 | Found a one-way gateway to a ziggurat.
 49646 | Depths:4 | Identified the +7 arbalest of Compulsion {god gift, drain,
                  | rPois Dex+4} (Okawaru gifted it to you on level 4 of the
                  | Depths)
 49646 | Depths:4 | Received a gift from Okawaru
 50007 | Depths:4 | Identified the +2 robe of Inaction {rF+}
 50069 | Depths:4 | Found a gate to the Realm of Zot.
 50280 | Depths:4 | Reached skill level 7 in Spellcasting
 50575 | Depths:4 | Found a stormy altar of Qazlal.
 50989 | D:9      | Killed BeowulfAlex's ghost
 51126 | D:14     | Received a gift from Okawaru
 51131 | D:14     | Killed Venk's ghost
 51208 | D:14     | Identified the +5 war axe of the Endless Expanse {drain,
                  | rElec rCorr Int-2 Dex+3}
 51261 | D:15     | Killed Rupert
 51304 | D:15     | Reached skill level 11 in Dodging
 51313 | D:15     | Reached skill level 8 in Spellcasting
 51596 | D:15     | Reached skill level 17 in Hexes
 51602 | D:15     | Killed CertainDeath's ghost
 51926 | Vaults:1 | Killed Bailed's ghost
 51927 | Vaults:1 | Reached skill level 16 in Stealth
 51965 | Vaults:1 | Identified the +3 chain mail "Qubeozub" {Rampage +Blink
                  | rElec}
 52235 | Elf:2    | Reached XP level 23. HP: 156/156 MP: 37/37
 52303 | Elf:2    | Reached skill level 9 in Spellcasting
 52451 | Elf:2    | HP: 65/156 [+1 antimagic lajatang (19)]
 53090 | Lair:5   | Learned a level 7 spell: Enfeeble
 53100 | Lair:5   | Killed TacoSundae's ghost
 53136 | Slime:1  | Entered Level 1 of the Pits of Slime
 53289 | Slime:1  | Gained mutation: Armour fits poorly on your strangely
                  | shaped body. [a shining eye]
 53296 | Slime:1  | Reached skill level 12 in Dodging
 53463 | Slime:2  | Received a gift from Okawaru
 53535 | Slime:2  | Reached skill level 10 in Spellcasting
 53886 | Slime:2  | Reached skill level 17 in Stealth
 53902 | Slime:2  | Reached skill level 18 in Hexes
 54056 | Slime:3  | Gained mutation: You occasionally lose the ability to drink
                  | potions when taking damage. [a shining eye]
 54351 | Slime:4  | HP: 66/156 [disintegration (28)]
 54446 | Slime:5  | Entered Level 5 of the Pits of Slime
 54673 | Slime:5  | Reached skill level 13 in Dodging
 54716 | Slime:5  | Noticed the Royal Jelly
 54744 | Slime:5  | Killed the Royal Jelly
 55186 | Slime:4  | Gained mutation: You are occasionally teleported next to
                  | monsters. [a shining eye]
 55197 | Slime:3  | Lost mutation: You are occasionally teleported next to
                  | monsters. [potion of mutation]
 55197 | Slime:3  | Lost mutation: Armour fits poorly on your strangely shaped
                  | body. [potion of mutation]
 55197 | Slime:3  | Gained mutation: You are frail. (-10% HP) [potion of
                  | mutation]
 55198 | Slime:3  | Lost mutation: You occasionally lose the ability to drink
                  | potions when taking damage. [potion of mutation]
 55198 | Slime:3  | Lost mutation: You are frail. (-10% HP) [potion of
                  | mutation]
 55198 | Slime:3  | Gained mutation: You have large cloven feet. [potion of
                  | mutation]
 55210 | Slime:4  | Gained mutation: You occasionally lose the ability to read
                  | scrolls when taking damage. [a shining eye]
 55228 | Slime:4  | Received a gift from Okawaru
 55349 | Slime:5  | Reached skill level 18 in Stealth
 55448 | Slime:5  | Received a gift from Okawaru
 55449 | Slime:5  | Reached skill level 19 in Hexes
 55755 | Slime:5  | Reached skill level 14 in Dodging
 55841 | Slime:5  | Identified the ring of Voent {rN+ Will+ Int+4 Stlth+}
 55886 | Slime:5  | Got the Catalogue of the Voyage and Exhumation
 55891 | Slime:5  | Identified the +0 pair of gloves of Ruacwi {Slay+3}
 55892 | Slime:5  | Identified the +2 helmet of Eplemn {Harm *Corrode Will++
                  | Slay+6}
 55957 | Slime:5  | Identified the +2 robe of Leesmait {+Inv rF+ rC+ Dex+3}
 55961 | Slime:5  | Got a slimy rune of Zot
 56369 | Zot:1    | Entered Level 1 of the Realm of Zot
 56392 | Zot:1    | HP: 49/156 [quicksilver dragon/bolt of dispelling energy
                  | (46)]
 56395 | Zot:1    | HP: 6/156 [quicksilver dragon/bolt of dispelling energy
                  | (49)]
 56559 | Depths:4 | HP: 75/156 [poison (poison gas)]
 56564 | Depths:4 | HP: 62/156 [poison (poison gas)]
 56569 | Depths:4 | HP: 67/156 [poison (poison gas)]
 56728 | Zot:1    | Reached XP level 24. HP: 143/163 MP: 39/39
 56863 | Zot:1    | HP: 79/163 [golden dragon (13)]
 56866 | Zot:1    | HP: 27/163 [golden dragon (24)]
 56879 | Zot:1    | HP: 75/163 [white draconian stormcaller (20)]
 56884 | Zot:1    | HP: 69/163 [poison (poison gas)]
 56889 | Zot:1    | HP: 70/163 [poison (poison gas)]
 57021 | Zot:1    | Noticed an orb of fire
 57249 | Zot:1    | Reached skill level 15 in Dodging
 57360 | Zot:1    | Reached skill level 20 in Hexes
 58396 | Zot:1    | Identified the +5 shortbow of the New World {god gift,
                  | freeze, MP+9 Dex+4} (Okawaru gifted it to you on level 1 of
                  | the Realm of Zot)
 58396 | Zot:1    | Received a gift from Okawaru
 58851 | Zot:1    | HP: 69/164 [green draconian monk (19)]
 58885 | Zot:1    | Learned a level 8 spell: Disjunction
 59004 | Zot:2    | Reached skill level 21 in Fighting
 59104 | Zot:1    | HP: 79/166 [purple draconian shifter/bolt of dispelling
                  | energy (23)]
 59106 | Zot:1    | HP: 38/166 [green draconian monk (5)]
 59305 | Zot:1    | HP: 78/166 [death cob (15)]
 59738 | Zot:2    | Identified the +7 dagger of the Crypt {antimagic, rPois
                  | Int+4 SInv}
 59802 | Zot:2    | Received a gift from Okawaru
 60039 | D:12     | You showed the slimy rune of Zot to enter a treasure trove
 60040 | Trove    | Entered a treasure trove
 60265 | Zot:1    | Lost mutation: You have large cloven feet. [potion of
                  | mutation]
 60265 | Zot:1    | Lost mutation: You occasionally lose the ability to read
                  | scrolls when taking damage. [potion of mutation]
 60265 | Zot:1    | Gained mutation: You expend magic power (3 MP) to
                  | strengthen your wands. [potion of mutation]
 60265 | Zot:1    | Gained mutation: Your spells are a little harder to cast,
                  | but a little more powerful. [potion of mutation]
 60265 | Zot:1    | Gained mutation: You possess an exceptional clarity of
                  | mind. [potion of mutation]
 60421 | Zot:3    | Noticed an orb of fire
 61083 | Zot:3    | Noticed an orb of fire
 61095 | Zot:3    | Killed an orb of fire
 61715 | Zot:4    | Noticed a Killer Klown
 61719 | Zot:4    | Killed a Killer Klown
 62033 | Zot:4    | Reached skill level 22 in Fighting
 62051 | Zot:4    | Noticed a Killer Klown
 62060 | Zot:4    | Killed a Killer Klown
 62213 | Zot:4    | Identified the +4 crystal plate armour of the Fife {god
                  | gift, Rampage} (Okawaru gifted it to you on level 4 of the
                  | Realm of Zot)
 62213 | Zot:4    | Received a gift from Okawaru
 62229 | Zot:4    | HP: 82/168 [quicksilver dragon/bolt of dispelling energy
                  | (15)]
 62498 | Zot:4    | Identified the +8 hand axe "Musiqux" {vorpal, rC- Str+10
                  | Dex+6}
 62903 | Zot:5    | Entered Level 5 of the Realm of Zot
 62997 | Zot:5    | Noticed an orb of fire
 63023 | Zot:5    | Reached XP level 25. HP: 126/175 MP: 39/39
 64501 | Zot:5    | Noticed a Killer Klown
 64501 | Zot:5    | Noticed a Killer Klown
 64520 | Zot:5    | Paralysed by a Zot trap for 3 turns
 64521 | Zot:5    | HP: 86/175 [Hell Sentinel[a Zot trap] (26)]
 64523 | Zot:5    | HP: 32/171 [shadow dragon/bolt of negative energy (12)]
 64528 | Zot:5    | HP: 55/171 [Killer Klown/klown pie (22)]
 64763 | Zot:5    | Killed a Killer Klown
 64764 | Zot:5    | Reached skill level 23 in Fighting
 64800 | Zot:5    | Noticed an orb of fire
 64800 | Zot:5    | Noticed an orb of fire
 64804 | Zot:5    | Noticed an ancient lich
 64804 | Zot:5    | Gained mutation: You occasionally shout uncontrollably at
                  | your foes. [an orb of fire]
 64808 | Zot:5    | Gained mutation: Your muscles are strong. (Str +4, Int/Dex
                  | -1) [an orb of fire]
 64808 | Zot:5    | HP: 76/167 [Killer Klown/+9 club of electrocution (22)]
 64809 | Zot:5    | Noticed a Killer Klown
 64810 | Zot:5    | Noticed an orb of fire
 64811 | Zot:5    | Noticed an orb of fire
 64811 | Zot:5    | Noticed an orb of fire
 64813 | Zot:5    | Noticed an orb of fire
 64813 | Zot:5    | Noticed a Killer Klown
 64816 | Zot:5    | Noticed an orb of fire
 64818 | Zot:5    | Noticed an orb of fire
 64818 | Zot:5    | HP: 69/167 [ghost moth (4)]
 65037 | Zot:5    | HP: 72/169 [orb of fire/fireball (31)]
 65043 | Zot:5    | Lost mutation: Your muscles are strong. (Str +4, Int/Dex
                  | -1) [an orb of fire]
 65044 | Zot:5    | Gained mutation: You are weak. (Str -2) [an orb of fire]
 65046 | Zot:5    | HP: 81/169 [orb of fire/bolt of fire (9)]
 65048 | Zot:5    | HP: 13/169 [orb of fire/bolt of fire (28)]
 65092 | Zot:4    | HP: 66/169 [orb of fire/fireball (23)]
 65093 | Zot:4    | HP: 26/169 [orb of fire/fireball (45)]
 65093 | Zot:4    | Gained mutation: You do not regenerate when monsters are
                  | visible. [an orb of fire]
 65095 | Zot:4    | HP: 10/169 [orb of fire/fireball (16)]
 65095 | Zot:4    | Killed from afar by an orb of fire

Illustrated notes

Levels and vault maps discovered:
D:1:      dpeg_arrival_rooms_with_view, layout_loops_ring
D:2:      layout_rooms, basic_altar, minmay_quadrilaterals
D:3:      layout_loops_cross, gammafunk_temple_overflow_wave,
          gup_sewer_entry_glass, chequers_ecumenical_altar_simple, uniq_robin,
          uniq_natasha
D:4:      minmay_wonky_spiral, layout_cave_pools, marbit_many_paths,
          kennysheep_mini_moat, serial_park, serial_park_tiny_pond,
          serial_park_fountain, serial_park_square2, serial_park_tiny_2
D:5:      layout_loops_ring, fountainhead, uniq_eustachio
D:6:      layout_rooms, lemuel_coloured_pillars_altar,
          minmay_temple_entry_stoned_glass, uniq_prince_ribbit1
D:7:      layout_loops_ring, reono_crystal_passage, nicolae_specific_store,
          roderic_nine_men_s_morris, uniq_pikel, uniq_joseph, uniq_maggie
D:8:      layout_rooms, general_overflow_altar,
          mainiacjoe_overflow_catch_the_wave, grunt_lair_entry_orc_guard_hut,
          serial_aquarium, aquarium_bridge_square [aquarium_subvault_balcony,
          aquarium_subvault_bridge, aquarium_subvault_bridge,
          aquarium_subvault_balcony], aquarium_window_fake,
          aquarium_window_fake, aquarium_view_2b, aquarium_view_2e,
          aquarium_balcony_5b, aquarium_pool_1, serial_shops,
          nicolae_shop_hallway_plus, uniq_maurice
D:9:      layout_irregular_city, fedhas_altar_fruit_tree,
          gammafunk_ghost_spectres
D:10:     layout_gridville, gammafunk_temple_overflow_statue,
          doesnt_xom_only_xom, mainiacjoe_overflow_cross_hatched,
          nicolae_ru_awakened_eye, kennysheep_cluttered_room,
          chequers_mini_garden, uniq_snorg
D:11:     layout_cross, kennysheep_vampire_church
D:12:     layout_rooms, serial_undead, serial_undead_e, serial_undead_b,
          serial_undead_e, serial_undead_c, serial_undead_a, serial_undead_d,
          serial_undead_f, enter_trove_5
D:13:     minmay_skewed_foursquare, layout_rooms, grunt_vaults_entry_tiered,
          nicolae_dithmenos_the_darkroom, uniq_erolcha
D:14:     layout_roguey, glass_columns_c, gauntlet_entry_generic,
          gammafunk_ghost_icy, uniq_jorgrun
D:15:     grunt_enter_depths_snipers, layout_basic, interstate_on_off,
          ebering_ghost_funeral_grove, minmay_guarded_unrand_staff_of_olgreb,
          uniq_rupert
Lair:1:   minmay_lair_oklob_tunnel, layout_hall_layers, st_stairs_9
Lair:2:   layout_loops_ring, spider_nest_entry_rubble, serial_bayou_shore_b,
          serial_bayou_shore_b, uniq_erica
Lair:3:   layout_gridlike, minmay_swamp_entry_worms
Lair:4:   layout_regular_city, slime_entry_1,
          portal_ice_cave_entry_ice_simulacra, minivault_19, forest_entry_grove,
          lemuel_fruit_tree
Lair:5:   evilmike_catoblepas_cave, layout_cave_pods, gammafunk_ghost_arena,
          nzn_sisyphean_effort, grunt_megastairs_4
Swamp:1:  layout_basic_swamp, nicolae_swamp_dense_foliage, uniq_kirke
Swamp:2:  layout_basic_swamp, evilmike_swamp_ruin_house_4
Swamp:3:  layout_basic_swamp, evilmike_swamp_ruin_house_1, swamp_pool1
Swamp:4:  swamp_vile, layout_basic_swamp, uniq_louise
Spider:1: layout_chambers, beargit_elvish_explorers
Spider:2: layout_spider_delve
Spider:3: layout_spider_delve, uniq_mlioglotl, uniq_nikola
Spider:4: hellmonk_spider_rune_endless_swarm, nicolae_orb_island, uniq_donald
Slime:1:  layout_caves
Slime:2:  layout_caves, cheibrodos_slime_lost_civilization_6
Slime:3:  layout_caves, cheibrodos_slime_lost_civilization_4
Slime:4:  layout_caves
Slime:5
Orc:1:    layout_caves
Orc:2:    hellmonk_orc_salted, layout_caves, basic_altar, enter_volcano_1
Elf:1:    minmay_the_grid_3x2 [minmay_the_grid_dragon_b,
          minmay_the_grid_minigrid_small, minmay_the_grid_tree,
          minmay_the_grid_mess, minmay_the_grid_pillar_ring,
          minmay_the_grid_prize_four_corners], layout_gridlike, serial_shops,
          shop, nicolae_shop_waterfront, nicolae_lakefront_shop, shop, shop,
          minmay_elf_annihilation
Elf:2:    elven_hall_of_blades_hangedman_original
          [nicolae_blade_entry_sentries_behind_glass], layout_loops_cross,
          serial_sigils, serial_sigils_hangedman_scar,
          serial_sigils_hangedman_gnaw, serial_sigils_hangedman_writhe,
          serial_sigils_hangedman_scratch, small_statue_intersection,
          abandoned_shop
Elf:3:    minmay_elf_hall_dome, layout_onion_city, serial_shops,
          nicolae_lakefront_shop, billiards_dpeg, uniq_mara
Vaults:1: gammafunk_ghost_split, hangedman_vaults_stagger,
          hangedman_vaults_stream, nicolae_vaults_rhombus_5,
          ontoclasm_vaults_bender, vaults_room_hallway,
          ontoclasm_vaults_ring_small, grunt_vaults_funnel, v_misc_29,
          nicolae_vaults_mini_display_case, layout_vaults_omnigrid
Vaults:2: nicolae_vaults_ninety_degrees, v_misc_22, hangedman_vaults_variations,
          grunt_vaults_diagonal, vaults_mumra_hex, nicolae_vaults_rhombus_6,
          nicolae_vaults_border_crossing, nicolae_vaults_alarming,
          nicolae_vaults_little_ls, nicolae_vaults_triangles, vaults_room_pools,
          st_cross, v_misc_16, layout_vaults_maze_bifur, serial_shops,
          nicolae_shop_crystal, nicolae_shop_trees, shop
Vaults:3: vaults_dpeg_spiral, vaults_room_grid, ontoclasm_vaults_spin,
          minmay_crypt_entry_necro_gods, v_misc_1, v_pattern_1, v_misc_25,
          nicolae_vaults_little_squares_5, vaults_room_corners,
          layout_vaults_chaotic_city, uniq_aizul, uniq_frederick,
          uniq_bai_suzhen
Vaults:4: gammafunk_ghost_split, v_pattern_4, vaults_mumra_chevron,
          ontoclasm_vaults_shout, vaults_mumra_minichess_inversion,
          ontoclasm_vaults_decontamination, hangedman_vaults_corner_blocks,
          nicolae_vaults_network_s, ontoclasm_vaults_idyll,
          nicolae_vaults_what_the_h, nicolae_vaults_little_squares_5,
          grunt_vaults_twisty, nicolae_vaults_little_squares_5,
          layout_vaults_big_cross, uniq_mennas
Depths:1: layout_gridlike, hell_entry, abyss_entry_crystal,
          rand_demon_pan_entry_4, gammafunk_ghost_smash,
          yredelemnul_altar_generic
Depths:2: minmay_bloctagon, layout_cave_pools, rand_demon_pan_entry_5,
          grunt_gozag_breadcrumbs, hell_entry, uniq_vv, uniq_josephina
Depths:3: nooodl_heptagram, layout_cave_pools, abyss_entry, special_room
          [special_room_morgue], hangedman_coc_ice_floe, drop_trap,
          uniq_saint_roka
Depths:4: evilmike_zot_entry_argh, layout_gridville, enter_ziggurat_b,
          grunt_hell_entry_dis_grunt, serial_sigils_hangedman_quiver,
          grunt_decor_resistance, grunt_qazlal_clouds
Zot:1:    layout_gridlike
Zot:2:    layout_onion_interference
Zot:3:    layout_cathedral_of_symmetry, lemuel_lake_of_fire
Zot:4:    layout_gridlike, kennysheep_underground_church
Zot:5:    layout_basic, nrook_zot_tub

Skill      XL: |  1  2  3  4  5  6  7  8  9 10 11 12 13 14 15 16 17 18 19 20 21 22 23 24 25 |
---------------+----------------------------------------------------------------------------+-----
Ranged Weapons | 3 4 5 6 7 9 11 13 15 16 20 25 27 | 27.0
Hexes          | 5 6 7 8 9 11 13 15 17 19 20 | 20.0
Fighting       | 2 5 7 9 10 12 16 19 20 22 23 | 23.0
Dodging        | 4 8 10 11 14 15 | 15.0
Spellcasting   | 6 8 10 | 10.0
Stealth        | 2 8 12 14 15 16 18 | 18.4
Invocations    | 5 9 12 | 12.0
Translocations | 6 14 18 | 18.0
Armour         | 3 5 |  5.1

Action                   |  1- 3 |  4- 6 |  7- 9 | 10-12 | 13-15 | 16-18 | 19-21 | 22-24 | 25-27 || total
-------------------------+-------+-------+-------+-------+-------+-------+-------+-------+-------++-------
Melee: Dagger            |    29 |    60 |   136 |    25 |       |       |       |       |       ||   250
       Punch             |       |       |     1 |       |       |       |       |       |       ||     1
       Triple crossbow   |       |       |       |       |       |       |       |     2 |       ||     2
 Fire: Sling             |    83 |   203 |   385 |   580 |       |       |       |       |       ||  1251
       Shortbow          |       |       |       |    99 |       |       |       |       |       ||    99
       Arbalest          |       |       |       |   186 |   607 |       |       |       |       ||   793
       Hand crossbow     |       |       |       |       |   730 |  1448 |       |       |       ||  2178
       Triple crossbow   |       |       |       |       |       |   115 |  1320 |  1600 |    90 ||  3125
 Cast: Slow              |    11 |    37 |    70 |   134 |     2 |     1 |       |       |       ||   255
       Inner Flame       |       |     3 |    15 |    70 |     3 |     3 |       |       |       ||    94
       Portal Projectile |       |       |       |     5 |       |    28 |    33 |    10 |       ||    76
       Blink             |       |       |       |       |       |    26 |    20 |    16 |     4 ||    66
       Cause Fear        |       |       |       |       |       |     6 |       |     5 |       ||    11
       Dispersal         |       |       |       |       |       |    11 |    38 |    52 |     1 ||   102
       Anguish           |       |       |       |       |       |       |     1 |     4 |       ||     5
       Enfeeble          |       |       |       |       |       |       |       |    61 |     2 ||    63
       Teleport Other    |       |       |       |       |       |       |       |     1 |       ||     1
Invok: Heroism           |       |       |       |       |     8 |     8 |     6 |     6 |     2 ||    30
       Finesse           |       |       |       |       |     1 |     1 |     1 |     1 |     2 ||     6
Evoke: Wand              |       |       |     2 |       |       |       |       |       |       ||     2
       Phial of floods   |       |       |       |       |     1 |       |       |       |       ||     1
       Condenser vane    |       |       |       |       |       |       |     1 |       |       ||     1
  Use: Potion            |       |     5 |       |     1 |     5 |     5 |     5 |    13 |    15 ||    49
       Scroll            |       |       |       |    22 |     8 |    21 |     5 |     7 |     7 ||    70
Armor: Robe              |     9 |    27 |       |       |       |       |       |     2 |       ||    38
       Ring mail         |       |       |   152 |   326 |   459 |   343 |   343 |   544 |    43 ||  2210
       Leather armour    |       |       |       |       |       |     8 |       |       |       ||     8
Dodge: Dodged            |    28 |   108 |   156 |   383 |   680 |   557 |   426 |  1011 |    67 ||  3416

Table legend: (Time is in decaauts)
 A = Elapsed time spent in this place.
 B = Non-inter-level travel time spent in this place.
 C = Inter-level travel time spent in this place.
 D = Time resting spent in this place.
 E = Time spent auto-exploring this place.
 F = Levels seen in this place.
 G = Mean time per level.
                   A        B        C        D        E       F      G
               +--------+--------+--------+--------+--------+-----+--------+
         Total |  66539 |  56836 |   9703 |   2837 |  35804 |  56 | 1188.2 |
       Dungeon |  18502 |  14388 |   4114 |    411 |   9621 |  15 | 1233.5 |
          Lair |   7478 |   6175 |   1303 |    178 |   3780 |   5 | 1495.6 |
         Swamp |   3206 |   3052 |    154 |    124 |   1940 |   4 |  801.5 |
   Spider Nest |   4949 |   4454 |    495 |    100 |   2952 |   4 | 1237.2 |
    Slime Pits |   2857 |   2510 |    347 |    224 |   1342 |   5 |  571.4 |
  Orcish Mines |   1882 |   1587 |    295 |    100 |    998 |   2 |  941.0 |
   Elven Halls |   5399 |   5034 |    365 |    288 |   3069 |   3 | 1799.7 |
        Vaults |   6562 |   5629 |    933 |    364 |   3398 |   4 | 1640.5 |
        Depths |   6182 |   5287 |    895 |    147 |   3363 |   4 | 1545.5 |
           Zot |   7683 |   6883 |    800 |    609 |   4574 |   5 | 1536.6 |
         Trove |     41 |     41 |      0 |      0 |     38 |   1 |   41.0 |
         Sewer |   1006 |   1006 |      0 |    289 |    325 |   1 | 1006.0 |
      Ice Cave |      8 |      8 |      0 |      0 |      0 |   1 |    8.0 |
       Volcano |    257 |    257 |      0 |      0 |     96 |   1 |  257.0 |
      Gauntlet |    521 |    521 |      0 |      0 |    306 |   1 |  521.0 |
               +--------+--------+--------+--------+--------+-----+--------+

Top non-repeatable levels by time:
   Zot:1: 3104 daAuts
Vaults:1: 2541 daAuts
   Elf:3: 2298 daAuts
    D:10: 2149 daAuts
  Lair:1: 1887 daAuts
    D:15: 1865 daAuts
     D:9: 1847 daAuts
Depths:3: 1768 daAuts
Depths:1: 1763 daAuts
  Lair:5: 1727 daAuts
Spider:1: 1644 daAuts
Vaults:2: 1628 daAuts
  Lair:2: 1614 daAuts
   Elf:2: 1599 daAuts
Vaults:3: 1574 daAuts
